 Dungeon Crawl Stone Soup version 0.32-a0-377-g951292165a (webtiles) character file.

Game seed: 11806014506834111037

13429154 EnegeticOcto the Shapeless Goblin (level 27, 273/273 HPs)
             Began as a Coglin Conjurer on Feb 19, 2024.
             Was the Champion of Ashenzari.
             Escaped with the Orb
             ... and 15 runes!
             The game lasted 03:14:35 (118837 turns).

EnegeticOcto the Shapeless Goblin (CoCj)          Turns: 118837, Time: 03:14:35

Health: 273/273    AC: 28    Str: 10    XL:     27
Magic:  54/54      EV: 42    Int: 19    God:    Ashenzari [******]
Gold:   10154      SH:  0    Dex: 26    Spells: 33/80 levels left

rFire   + + .        S - staff of the Ensconced Repose (curse) {Conj, Jihoo, Self, Dev} (curse)
rCold   + + .        K - staff "Omniscient Bad Feelings" (curse) {Conj, Yejun, Sorc, Cun} (curse)
rNeg    + + +        n - +3 troll leather armour "Shackled Doubts" {Regen+, Fort, Self} (curse)
rPois   ∞            x - +2 helmet "Sublime Incredulity" {Cun, Melee} (curse)
rElec   +            V - +5 cloak of Ashenzari's Absolutism {rPois Will++, Sorc, Self} (curse)
rCorr   +            a - +2 pair of gloves of the Manifest Yoke {Self, Sorc} (curse)
SInv    +            E - +2 pair of boots of Supernal Wisdom {Harm rC+ Will- Dex+3, Sorc, Dev} (curse)
Will    ++++.        y - amulet of the Shattered Seer {RegenMP Slay+2, Melee, Self} (curse)
Stlth   +++          O - ring "Cursed Discomfort" {EV+5, Sorc, Dev} (curse)
HPRegen 1.45/turn    s - ring of the Eye in the Sky {Fly rF++ rCorr, Self, Melee} (curse)
MPRegen 0.74/turn

%: harm (+30% outgoing, +20% incoming), clarity
@: death-form, flying, studying 4 skills
A: vile attack, torment immunity, no potions, off-hand wielding, slow wielding,
warmup strikes, warmup strides, passive freeze, robust 1
0: Orb of Zot
}: 15/15 runes: decaying, serpentine, slimy, silver, golden, iron, obsidian,
icy, bone, abyssal, demonic, glowing, magical, fiery, dark
a: Siphon Essence, Begin Untransformation, Renounce Religion, Shatter the Chains


You escaped.
You worshipped Ashenzari.
Ashenzari was exalted by your worship.
You were an undying horror.
You visited 18 branches of the dungeon, and saw 88 of its levels.
You visited Pandemonium 1 time, and saw 12 of its levels.
You visited the Abyss 2 times.
You visited 1 bazaar.
You visited 1 ziggurat, and saw 11 of its levels.
You also visited: Trove, Ossuary, Gauntlet and Wizlab.

You collected 14980 gold pieces.
You spent 4826 gold pieces at shops.

Inventory:

Missiles
 I - 3 throwing nets {!f}
 Q - 6 curare-tipped darts
Armour
 a - the cursed +2 pair of gloves of the Manifest Yoke (worn) {Self, Sorc}
   (You found it on level 4 of the Swamp)

   It has a curse which improves the following skills: Introspection: Fighting
   and Spellcasting.
   Sorcery:   Conjurations and Alchemy.
 n - the cursed +3 troll leather armour "Shackled Doubts" (worn) {Regen+, Fort, Self}
   (You found it on level 1 of the Orcish Mines)

   Regen+:    It increases your rate of health regeneration.
   It has a curse which improves the following skills: Fortitude: Armour and
   Shields.
   Introspection: Fighting and Spellcasting.
 x - the cursed +2 helmet "Sublime Incredulity" (worn) {Cun, Melee}
   (You took it off Robin on level 4 of the Dungeon)

   It has a curse which improves the following skills: Cunning: Dodging and
   Stealth.
   Melee Combat: Short Blades, Long Blades, Axes, Maces & Flails, Polearms,
   Staves and Unarmed Combat.
 E - the cursed +2 pair of boots of Supernal Wisdom (worn) {Harm rC+ Will- Dex+3, Sorc, Dev}
   (You bought it in a shop on level 1 of the Snake Pit)

   Dex+3:     It affects your dexterity (+3).
   rC+:       It protects you from cold.
   Will-:     It decreases your willpower.
   Harm:      It increases damage dealt and taken.
   It has a curse which improves the following skills: Sorcery: Conjurations and
   Alchemy.
   Devices:   Evocations and Shapeshifting.
 V - the cursed +5 cloak of Ashenzari's Absolutism (worn) {rPois Will++, Sorc, Self}
   (You found it in a Gauntlet)

   rPois:     It protects you from poison Will++: It greatly increases your
   willpower.
   It has a curse which improves the following skills: Sorcery: Conjurations and
   Alchemy.
   Introspection: Fighting and Spellcasting.
 W - +2 pearl dragon scales
   (You found it on level 10 of a ziggurat)
Magical Staves
 K - the cursed staff "Omniscient Bad Feelings" (worn) {Conj, Yejun, Sorc, Cun}
   (You found it on level 1 of the Swamp)

   [staff of conjuration]

   Base accuracy: +5 Base damage: 5 Base attack delay: 1.2 This weapon's minimum
   attack delay (0.6) is reached at skill level 12.
   Conj:      It increases the power of your Conjurations spells.
   It falls into the 'Staves' category.
   It is a one-graspered weapon.
   It has a curse which improves the following skills: Sorcery: Conjurations and
   Alchemy.
   Cunning:   Dodging and Stealth.
 S - the cursed staff of the Ensconced Repose (weapon) {Conj, Jihoo, Self, Dev}
   (You found it on level 8 of the Dungeon)

   [staff of conjuration]

   Base accuracy: +5 Base damage: 5 Base attack delay: 1.2 This weapon's minimum
   attack delay (0.6) is reached at skill level 12.
   Conj:      It increases the power of your Conjurations spells.
   It falls into the 'Staves' category.
   It is a one-graspered weapon.
   It has a curse which improves the following skills: Introspection: Fighting
   and Spellcasting.
   Devices:   Evocations and Shapeshifting.
Jewellery
 s - the cursed ring of the Eye in the Sky (right grasper) {Fly rF++ rCorr, Self, Melee}
   (You took it off a tengu reaver on level 5 of the Vaults)

   [ring of flight]

   rF++:      It greatly protects you from fire.
   Fly:       It grants you flight.
   rCorr:     It protects you from acid and corrosion.
   It has a curse which improves the following skills: Introspection: Fighting
   and Spellcasting.
   Melee Combat: Short Blades, Long Blades, Axes, Maces & Flails, Polearms,
   Staves and Unarmed Combat.
 y - the cursed amulet of the Shattered Seer (around neck) {RegenMP Slay+2, Melee, Self}
   (You found it on level 2 of the Lair of Beasts)

   [amulet of magic regeneration]

   RegenMP:   It increases your rate of magic regeneration.
   Slay+2:    It affects your accuracy & damage with ranged weapons and melee
   (+2).
   It has a curse which improves the following skills: Melee Combat: Short
   Blades, Long Blades, Axes, Maces & Flails, Polearms, Staves and Unarmed
   Combat.
   Introspection: Fighting and Spellcasting.
 D - a ring of flight
   (You found it on level 7 of Tartarus)
 O - the cursed ring "Cursed Discomfort" (left grasper) {EV+5, Sorc, Dev}
   (You found it on level 9 of the Dungeon)

   [ring of evasion]

   EV+5:      It affects your evasion (+5).
   It has a curse which improves the following skills: Sorcery: Conjurations and
   Alchemy.
   Devices:   Evocations and Shapeshifting.
Talismans
 Z - the death talisman "Ythrynah" (active) {rElec}
   (You found it on level 3 of the Crypt)

   [talisman of death]

   rElec:     It insulates you from electricity.
Wands
 j - a wand of polymorph (35)
   (You found it on level 3 of the Swamp)
 w - a wand of charming (160)
   (You took it off Ijyb on level 4 of the Dungeon)
 F - a wand of roots (49) {@v2}
   (You found it on level 7 of the Dungeon)
 J - a wand of acid (55) {@v1}
   (You found it on level 8 of the Dungeon)
 M - a wand of mindburst (54)
   (You bought it in a shop on level 1 of the Snake Pit)
 P - a wand of digging (32) {@v3}
   (You found it on level 10 of the Dungeon)
Scrolls
 e - 13 scrolls of immolation
 h - 3 scrolls of torment
 t - 3 scrolls of silence {!r}
 v - 15 scrolls of fear {!r}
 A - 6 scrolls of butterflies {!r}
 G - 2 scrolls of blinking {@r4}
 H - 34 scrolls of teleportation {@r3 !r}
 N - 10 scrolls of revelation {@r5 !r}
 U - 8 scrolls of vulnerability
 X - 15 scrolls of fog {!r}
Potions
 b - 6 potions of magic
 f - 10 potions of enlightenment
 g - 37 potions of curing {@q1 !q}
 i - 10 potions of lignification {@q6}
 k - 4 potions of ambrosia
 o - 28 potions of heal wounds {@q2 !q}
 p - 10 potions of resistance
 q - 2 potions of invisibility
 u - 11 potions of brilliance
 z - 7 potions of haste {@q4 !q}
 B - 12 potions of cancellation
 C - 20 potions of mutation
 L - 6 potions of might {@q3 !q}
 R - 5 potions of berserk rage
 T - 6 potions of attraction
Miscellaneous
 c - a lightning rod (4/4)
   (You found it in a Gauntlet)
 d - a phial of floods
   (You found it on level 11 of the Dungeon)
 l - a condenser vane
   (You found it on level 8 of the Dungeon)
 m - the horn of Geryon
   (You took it off Geryon in the Vestibule of Hell)
 r - a sack of spiders
   (You found it on level 12 of the Dungeon)
 Y - a phantom mirror
   (You found it in a Gauntlet)


   Skills:
 - Level 19.7(27) Fighting
 - Level 7.7(12.4) Short Blades
 - Level 10.1(15.4) Maces & Flails
 - Level 7.3(13.5) Staves
 + Level 21.7(23.8) Armour
 - Level 23.8(27) Dodging
 + Level 19.1(22.4) Stealth
 - Level 19.7(27) Spellcasting
 - Level 20.7(27) Conjurations
 - Level 4.0 Hexes
 - Level 15.0 Translocations
 - Level 4.0 Air Magic
 - Level 4.7(10.6) Alchemy
 - Level 22.7(27) Evocations
 O Level 27 Shapeshifting


You had 33 spell levels left.
You knew the following spells:

 Your Spells              Type           Power      Damage    Failure   Level
a - Yara's Violent Unrav  Hex/Alch       26%        3d11      1%          5
b - Manifold Assault      Tloc           70%        N/A       1%          4
c - Orb of Destruction    Conj           68%        9d16      1%          7
d - Passage of Golubria   Tloc           70%        N/A       1%          4
e - Vhi's Electric Charg  Tloc/Air       100%       N/A       1%          4
f - Apportation           Tloc           100%       N/A       0%          1
g - Lesser Beckoning      Tloc           100%       N/A       0%          2
h - Iskenderun's Mystic   Conj/Tloc      100%       2d19      0%          4
i - Ozocubu's Armour      Ice            25%        N/A       4%          3
j - Dispersal             Tloc           35%        N/A       1%          6
z - Irradiate             Conj/Alch      60%        3d31      1%          5
Y - Blink                 Tloc           100%       N/A       0%          2

Your spell library contained the following spells:

 Spells                   Type           Power      Damage    Failure   Level
 Foxfire                  Conj/Fire      100%       2x1d9     0%          1
 Kiss of Death            Conj/Necr      100%       2d13      0%          1
 Magic Dart               Conj           100%       1d8       0%          1
 Shock                    Conj/Air       100%       1d9       0%          1
 Sting                    Conj/Alch      100%       1d9       0%          1
 Momentum Strike          Conj/Tloc      100%       3d10      0%          2
 Searing Ray              Conj           100%       2d8       0%          2
 Static Discharge         Conj/Air       100%       3-8/arc   0%          2
 Dazzling Flash           Conj/Hex       100%       N/A       0%          3
 Gell's Gravitas          Tloc           70%        N/A       0%          3
 Mephitic Cloud           Conj/Alch/Air  100%       N/A       0%          3
 Teleport Other           Tloc           70%        N/A       0%          3
 Fulminant Prism          Conj/Alch      60%        3d26      0%          4
 Iskenderun's Battlesphe  Conj           100%       2d15      0%          5
 Freeze                   Ice            100%       1d10      1%          1
 Necrotise                Necr           100%       1d9       1%          1
 Sandblast                Erth           50%        2d12      1%          1
 Slow                     Hex            100%       N/A       1%          1
 Summon Small Mammal      Summ           100%       N/A       1%          1
 Cigotuvi's Dreadful Rot  Necr/Alch/Air  88%        N/A       1%          2
 Ensorcelled Hibernation  Hex/Ice        66%        N/A       1%          2
 Jinxbite                 Hex            80%        N/A       1%          2
 Mercury Vapours          Alch/Air       100%       N/A       1%          2
 Confusing Touch          Hex            40%        N/A       1%          3
 Hailstorm                Conj/Ice       100%       3d16      1%          3
 Inner Flame              Hex/Fire       33%        N/A       1%          3
 Sigil of Binding         Hex            40%        N/A       1%          3
 Stone Arrow              Conj/Erth      100%       3d13      1%          3
 Swiftness                Air            40%        N/A       1%          3
 Tukima's Dance           Hex            40%        N/A       1%          3
 Volatile Blastmotes      Fire/Tloc      100%       2d18      1%          3
 Brom's Barrelling Bould  Conj/Erth      100%       2d11      1%          4
 Dimensional Bullseye     Hex/Tloc       29%        N/A       1%          4
 Flame Wave               Conj/Fire      100%       2d21      1%          4
 Ignite Poison            Fire/Alch      45%        N/A       1%          4
 Leda's Liquefaction      Alch/Erth      22%        N/A       1%          4
 Olgreb's Toxic Radiance  Alch           60%        N/A       1%          4
 Petrify                  Alch/Erth      45%        N/A       1%          4
 Sticky Flame             Fire/Alch      45%        2d9       1%          4
 Alistair's Intoxication  Alch           40%        N/A       1%          5
 Arcjolt                  Conj/Air       56%        1d66      1%          5
 Fireball                 Conj/Fire      53%        3d21      1%          5
 Freezing Cloud           Conj/Ice/Air   49%        6-21      1%          5
 Summon Forest            Summ/Tloc      26%        N/A       1%          5
 Bombard                  Conj/Erth      53%        9d9       1%          6
 Conjure Ball Lightning   Conj/Air       56%        3x3d20    1%          6
 Starburst                Conj/Fire      53%        6d14      1%          6
 Call Imp                 Summ           50%        N/A       2%          2
 Scorch                   Fire           50%        2d7       2%          2
 Sublimation of Blood     Necr           25%        N/A       2%          2
 Airstrike                Air            20%        2d(3-19)  2%          4
 Cause Fear               Hex            20%        N/A       2%          4
 Eringya's Noxious Bog    Alch           30%        4d6       2%          6
 Call Canine Familiar     Summ           25%        N/A       4%          3
 Frozen Ramparts          Ice            50%        1d8       4%          3
 Fugue of the Fallen      Necr           25%        N/A       4%          3
 Passwall                 Erth           25%        N/A       4%          3
 Summon Ice Beast         Ice/Summ       25%        N/A       4%          3
 Vampiric Draining        Necr           25%        2d7       4%          3
 Spellforged Servitor     Conj/Summ      53%        N/A       4%          7
 Anguish                  Hex/Necr       16%        N/A       6%          4
 Summon Lightning Spire   Summ/Air       33%        N/A       6%          4
 Silence                  Hex/Air        20%        N/A       8%          5
 Animate Dead             Necr           25%        N/A       14%         4
 Dispel Undead            Necr           25%        3d12      14%         4
 Martyr's Knell           Necr/Summ      25%        N/A       14%         4
 Summon Blazeheart Golem  Fire/Summ      25%        N/A       14%         4
 Metabolic Englaciation   Hex/Ice        16%        N/A       19%         5
 Summon Mana Viper        Hex/Summ       33%        N/A       19%         5
 Sculpt Simulacrum        Ice/Alch       22%        N/A       26%         6
 Borgnjor's Vile Clutch   Necr/Erth      12%        N/A       38%         5
 Curse of Agony           Necr           25%        N/A       38%         5
 Lee's Rapid Deconstruct  Erth           12%        3d9*      38%         5
 Malign Gateway           Summ/Tloc      26%        N/A       50%         7
 Plasma Beam              Fire/Air       16%        2x1d28    69%         6
 Death Channel            Necr           12%        N/A       92%         6
 Summon Cactus Giant      Summ           12%        N/A       92%         6
 Enfeeble                 Hex            20%        N/A       94%         7
 Chain Lightning          Conj/Air       56%        3d75      95%         9
 Fire Storm               Conj/Fire      53%        8d14      99%         9
 Haunt                    Necr/Summ      12%        N/A       100%        7
 Monstrous Menagerie      Summ           12%        N/A       100%        7
 Ozocubu's Refrigeration  Ice            12%        4d10      100%        7
 Summon Hydra             Summ           12%        N/A       100%        7
 Borgnjor's Revivificati  Necr           12%        N/A       100%        8
 Ignition                 Fire           12%        3d6       100%        8
 Infestation              Necr           12%        N/A       100%        8
 Maxwell's Capacitive Co  Air            20%        ∞         100%        8
 Summon Horrible Things   Summ           12%        N/A       100%        8
 Death's Door             Necr           12%        N/A       100%        9
 Polar Vortex             Ice            12%        12d1*     100%        9
 Shatter                  Erth           12%        3d13*     100%        9


Dungeon Overview and Level Annotations

Branches:
Dungeon (15/15)            Temple (1/1) D:4            Lair (5/5) D:8
  Swamp (4/4) Lair:2        Snake (4/4) Lair:3        Slime (5/5) Lair:4
    Orc (2/2) D:11            Elf (3/3) Orc:2        Vaults (5/5) D:13
  Crypt (3/3) Vaults:3       Tomb (3/3) Crypt:3      Depths (4/4) D:15
   Hell (visited)             Dis (7/7) Hell            Geh (7/7) Hell
    Coc (7/7) Hell            Tar (7/7) Hell            Zot (5/5) Depths:4
Ossuary (visited)          WizLab (visited)         Gauntlet (visited)

Altars:
Ashenzari
Cheibriados
Dithmenos
Elyvilon
Fedhas
Gozag
Hepliaklqana
Kikubaaqudgha
Makhleb
Nemelex Xobeh
Okawaru
Qazlal
Ru
Sif Muna
Trog
Uskayaw
Vehumet
Wu Jian
Xom
Yredelemnul
Zin
The Shining One
Jiyva
Lugonu

Shops:
D:3 *   D:11 (   Orc:1 [   Orc:2 [=(*   Elf:3 (   Snake:1 !*![!   Snake:3 *
Vaults:2 (   Vaults:4 ?   Depths:3 :==

Portals:
Hell: Depths:1 Depths:2 Depths:3 Depths:4
Abyss: Lair:5 Depths:2 Depths:3 Depths:4
Pandemonium: Depths:1 Depths:2 Depths:3

Annotations:
D:13 1 runed translucent door, exclusion: door, Dyre's ghost, journeyman DjFE
Snake:4 6 transporters
Orc:1 1 runed translucent door, Ragropp's ghost, journeyman MiFi
Tomb:2 Khufu
Tomb:3 Mennas


Innate Abilities, Weirdness & Mutations

You are an undying horror.
Your melee and unarmed attacks drain, slow and weaken victims.
You are immune to unholy pain and torment.
You cannot drink.
You are immune to poison.
You can wield a second weapon in your off-hand.
It takes a long time for you to wield or remove held weapons.
Your first few attacks do less damage.
Your first movements take longer.
A frigid envelope surrounds you and freezes all who hurt you.
You are robust. (+10% HP)


Message History

Confirm with . or Enter, or press ? or * to list all spells.
Space momentarily warps into an impossible shape!
You hit the sun demon but do no damage.
You blast the sun demon.
You barely miss the sun demon with the cursed staff of the Ensconced Repose.
Casting: Manifold Assault (safe; 1% risk of failure)
Confirm with . or Enter, or press ? or * to list all spells.
Space momentarily warps into an impossible shape!
You completely miss the sun demon with the cursed staff "Omniscient Bad Feelings".
You hit the sun demon with the cursed staff of the Ensconced Repose!
The sun demon decays.
You blast the sun demon!!!
You kill the sun demon!
(D) Dungeon (T) Temple (L) Lair (S) Swamp (P) Snake Pit (M) Slime Pits (O) Orcish Mines (E) Elven Halls (V) Vaults (C) Crypt (W) Tomb (U) Depths (H) Hell (I) Dis (G) Gehenna (X) Cocytus (Y) Tartarus (Z) Zot
Where to? (Tab/Enter - D:1 @ (x,y), ? - help) HP restored.
Magic restored.
There is a stone staircase leading up here.
You fly upwards.
There is a stone staircase leading down here.
A Hell Sentinel comes into view.
Unknown command.
Unknown command.
Unknown command.
Casting: Manifold Assault (safe; 1% risk of failure)
Confirm with . or Enter, or press ? or * to list all spells.
Space momentarily warps into an impossible shape!
You hit the Hell Sentinel but do no damage.
You blast the Hell Sentinel!!
You hit the Hell Sentinel but do no damage.
Casting: Manifold Assault (safe; 1% risk of failure)
Confirm with . or Enter, or press ? or * to list all spells.
Space momentarily warps into an impossible shape!
You hit the Hell Sentinel with the cursed staff "Omniscient Bad Feelings".
The Hell Sentinel decays.
You hit the Hell Sentinel but do no damage.
You blast the Hell Sentinel!!
Casting: Manifold Assault (safe; 1% risk of failure)
Confirm with . or Enter, or press ? or * to list all spells.
Space momentarily warps into an impossible shape!
You hit the Hell Sentinel but do no damage.
You blast the Hell Sentinel.
You hit the Hell Sentinel with the cursed staff of the Ensconced Repose.
The Hell Sentinel decays.
You blast the Hell Sentinel!!!
Casting: Manifold Assault (safe; 1% risk of failure)
Confirm with . or Enter, or press ? or * to list all spells.
Space momentarily warps into an impossible shape!
You hit the Hell Sentinel but do no damage. x2
You blast the Hell Sentinel!
You kill the Hell Sentinel!
Unknown command.
Unknown command.
(D) Dungeon (T) Temple (L) Lair (S) Swamp (P) Snake Pit (M) Slime Pits (O) Orcish Mines (E) Elven Halls (V) Vaults (C) Crypt (W) Tomb (U) Depths (H) Hell (I) Dis (G) Gehenna (X) Cocytus (Y) Tartarus (Z) Zot
Where to? (Tab/Enter - D:1 @ (x,y), ? - help)
There is a stone staircase leading up here.
You fly upwards.
There is a stone staircase leading down here.
Things that are here:
a +0 dagger; an orc skeleton Magic restored.
A golden eye comes into view.
Unknown command.
Unknown command.
There is a stone staircase leading up here.
You fly upwards.
There is a stone staircase leading down here.
(D) Dungeon (T) Temple (L) Lair (S) Swamp (P) Snake Pit (M) Slime Pits (O) Orcish Mines (E) Elven Halls (V) Vaults (C) Crypt (W) Tomb (U) Depths (H) Hell (I) Dis (G) Gehenna (X) Cocytus (Y) Tartarus (Z) Zot
Where to? (Tab/Enter - D:1 @ (x,y), ? - help)
There is a stone staircase leading up here.
You fly upwards.
There is a stone staircase leading down here.
A hellwing comes into view.
The hellwing gives a chilling moan.
Unknown command.
Casting: Manifold Assault (safe; 1% risk of failure)
Confirm with . or Enter, or press ? or * to list all spells.
Space momentarily warps into an impossible shape!
You hit the hellwing but do no damage.
You blast the hellwing!!
You barely miss the hellwing with the cursed staff "Omniscient Bad Feelings".
Casting: Manifold Assault (safe; 1% risk of failure)
Confirm with . or Enter, or press ? or * to list all spells.
Space momentarily warps into an impossible shape!
You hit the hellwing but do no damage. x2; You blast the hellwing!
You kill the hellwing!
Magic restored.
You reach down and open the door.
There is an open door here.
There is a fountain of clear blue water here.
There is a staircase leading out of the dungeon here.
You have escaped!

.####### #.###.##.##
.......# ####.###.##.#
######.# #....ß......#
.# #.# #.##...##..## .#
#.# #..##.##...# .# #.#
##..#'#....# .# #.#
##..#'#....# .#####.#
#..##⌠##...# ....##.#
#..'⌠z⌠'...# ###.##.#
#..##⌠##...# #.##.##
##..#'#..#.##
##.#...#####..#'#..#..#
##....#.......##.##..#.#
........####.##...##...#
##...##.# #....ß.....##
##.###.# ##.###..##.#
#.# #.# #.# ##....#


There were no monsters in sight!

Vanquished Creatures
  Cerebov (Pan)
  Antaeus (Coc:7)
  Asmodeus (Geh:7)
  the Royal Jelly (Slime:5)
  Mnoleg (Pan)
  Ereshkigal (Tar:7)
  Gloorx Vloq (Pan)
  the Serpent of Hell (Coc:7)
  Lom Lobon (Pan)
  Dispater (Dis:7)
  7 dread liches
  13 ancient liches
  5 orbs of fire
  Xtahua (Vaults:2)
  2 pandemonium lords (Pan)
  Boris (4 times) (Vaults:1 Vaults:2 Crypt:2 D:9)
  Sojobo (Vaults:5)
  6 royal mummies
  19 shard shrikes
  5 Killer Klowns
  7 curse toes
  Saint Roka (Orc:2)
  Geryon (Hell)
  51 caustic shrikes
  Nikola (Swamp:4)
  8 golden dragons
  23 profane servitors
  Norris (Vaults:1)
  12 doom hounds
  13 bone dragons
  16 Tzitzimimeh
  4 electric golems
  6 iron giants (Dis:7)
  16 Brimstone Fiends
  Jorgrun (D:15)
  30 Hell Sentinels
  A shard shrike zombie (Crypt:3)
  A spectral shard shrike (Tar:7)
  Zenata (Vaults:1)
  23 Ice Fiends
  Rupert (D:12)
  17 tentacled monstrosities
  The ghost of Bamufeve the Peltast, an adept OnIE of Ashenzari (Swamp:1)
  10 hellephants
  28 tainted leviathans
  4 deep elf blademasters (Elf:3)
  27 Orb Guardians
  Grunn (Crypt:3)
  4 deep elf master archers
  16 liches
  15 titans
  9 quicksilver dragons
  19 acid blobs
  2 walking frostbound tomes
  An eldritch tentacle (Pan)
  14 Executioners
  A tentacled starspawn (Abyss:5)
  14 death cobs
  14 ancient champions
  36 searing wretches
  10 sphinxes
  9 tengu reavers
  Roxanne (Elf:2)
  Kirke (D:12)
  3 thorn hunters
  Agnes (Snake:4)
  16 storm dragons
  16 shadow dragons
  15 rockslimes
  14 nagarajas (Snake:4)
  2 fenstrider witches
  2 revenants
  8 demonspawn warmongers
  25 azure jellies
  11 protean progenitors
  14 vault wardens
  26 fire giants
  11 draconian knights
  9 draconian monks
  13 ghost moths
  4 iron dragons
  20 quicksilver elementals
  6 deep elf sorcerers
  17 narguns
  Louise (Elf:3)
  41 balrugs
  8 draconian shifters
  17 frost giants
  6 deep elf elementalists
  4 curse skulls
  2 spectral juggernauts
  14 cacodemons
  9 draconian stormcallers
  13 draconian scorchers
  2 ghouls (Crypt:1)
  7 demonspawn blood saints (Pan)
  8 shard shrike simulacra
  12 very ugly things
  A spriggan defender (Depths:2)
  A spectral caustic shrike (Tar:4)
  An orc warlord (Zig:11)
  15 stone giants
  6 demonspawn corrupters (Pan)
  31 reapers
  12 draconian annihilators
  16 ironbound preservers
  3 juggernaut skeletons (Pan)
  4 angels (Zot:4)
  7 caustic shrike skeletons
  10 vampire knights
  5 quicksilver oozes
  The ghost of Jopt the Warrior, a journeyman VSBe of Trog (Swamp:1)
  The ghost of AzureDraco the Peltast, a journeyman DsGl of Qazlal (Swamp:1)
  25 elemental wellsprings
  9 ironbound thunderhulks
  2 formless jellyfish (Slime:3)
  8 eleionomae
  11 lorocyprocas (Pan)
  2 deep elf demonologists
  7 deep elf death magi
  21 yellow draconians
  27 putrid mouths
  2 spectral titans (Tar:1)
  2 bennus (Tomb:3)
  6 bunyips
  17 green draconians
  14 deep elf annihilators
  16 black draconians
  8 demonspawn black suns (Pan)
  5 dire elephants
  The ghost of xsansara the Grappler, a journeyman TrFi of Wu Jian (Lair:2)
  A minotaur (Gauntlet)
  7 white draconians
  21 spark wasps
  20 wendigos
  The ghost of Vontreibholz the Basher, a journeyman MDFi of Okawaru (Swamp:1)
  13 red draconians
  11 purple draconians
  20 ettins
  26 war gargoyles
  16 iron golems
  19 blizzard demons
  2 crystal guardians (Vaults:3)
  21 mummy priests
  6 green deaths
  2 jiangshi (Crypt:2)
  7 yaktaur captains
  4 deep elf high priests
  4 entropy weavers
  4 eidola
  2 spectral krakens (Tar:7)
  A kraken zombie (Hell)
  2 spriggan zombies
  Fannar (D:11)
  An ice dragon (Depths:3)
  4 fire dragons
  A spectral golden dragon (Tar:3)
  11 great orbs of eyes
  6 shambling mangroves
  2 peacekeepers (Vaults:3)
  31 vault guards
  5 rakshasas
  An elf skeleton (Tomb:3)
  11 salamander tyrants
  31 hydras
  4 spectral spriggans
  3 ogre magi
  5 ironbound frosthearts
  12 caustic shrike simulacra
  9 spriggan air magi
  6 anacondas
  2 hell beasts (Pan)
  9 juggernaut simulacra
  2 catoblepae
  3 death knights
  4 ghost crabs
  15 alligators
  19 centaur warriors
  30 dancing weapons
  24 stokers
  A fenstrider witch skeleton (Crypt:1)
  A radroach (Pan)
  6 boulder beetles
  2 merfolk aquamancers (Pan)
  11 naga warriors
  4 two-headed ogres
  59 death scarabs
  2 satyrs (Abyss:5)
  A titan zombie (Zig:10)
  9 deep troll earth magi
  5 deep troll shamans
  5 tengu warriors
  5 vampire magi
  3 death yaks (Lair:5)
  Urug (D:11)
  14 naga sharpshooters
  10 thrashing horrors
  2 orc high priests (Zig:11)
  4 demonic crawlers
  46 hell hogs
  6 shock serpents
  An occultist (WizLab)
  A titan skeleton (Tomb:3)
  8 hell knights
  4 spriggan berserkers
  2 spectral nagas
  33 soul eaters
  4 hellephant skeletons (Pan)
  57 sun demons
  20 deep elf knights
  8 crystal echidnas
  8 salamander mystics
  6 skysharks
  30 skeletal warriors
  2 wretched stars (Abyss:5)
  A golden dragon zombie (Depths:1)
  21 sixfirhies
  6 quicksilver dragon simulacra
  A glowing orange brain (shapeshifter) (Zot:4)
  Lodul (D:12)
  3 anaconda zombies
  3 shadow wraiths
  2 flayed ghosts
  3 spriggan druids
  10 swamp dragons
  46 deep trolls
  5 iron trolls
  11 sun moths (Pan)
  10 arcanists
  3 naga ritualists
  An orb spider (shapeshifter) (Depths:2)
  6 goliath frogs
  2 shadow dragon zombies
  14 ironbound convokers
  6 glowing orange brains
  A kraken simulacrum (Coc:7)
  4 spriggan simulacra
  4 obsidian statues
  A mana viper (shapeshifter) (Vaults:5)
  10 bog bodies
  14 shadow demons
  A steelbarb worm (shapeshifter) (Elf:1)
  3 orange crystal statues
  11 mana vipers
  8 phantasmal warriors
  A fenstrider witch simulacrum (Tomb:1)
  12 harpies
  3 stone giant zombies
  An alligator zombie (Hell)
  An anaconda skeleton (Hell)
  15 deep elf archers
  10 lindwurms
  33 deep elf pyromancers
  16 deep elf zephyrmancers
  2 iron dragon zombies
  2 bunyip skeletons
  A spectral ettin (Tar:3)
  8 necromancers
  5 starcursed masses (Abyss:5)
  An oklob plant (D:7)
  A salamander (shapeshifter) (D:15)
  43 ugly things
  8 shining eyes
  3 orc sorcerers
  A worldbinder (Abyss:5)
  4 guardian serpents
  18 cyclopes
  An elephant (shapeshifter) (Vaults:5)
  Maurice (D:12)
  20 salamanders
  5 will-o-the-wisps
  28 moths of wrath
  An alligator skeleton (Hell)
  6 elephants
  3 titan simulacra
  An iron dragon skeleton (Crypt:1)
  3 rust devils
  4 molten gargoyles
  8 kobold blastminers
  A dire elephant zombie (Tomb:3)
  16 naga magi
  25 black mambas
  2 gargoyles
  22 cane toads
  3 apocalypse crabs (Abyss:5)
  25 large abominations
  7 eyes of devastation
  25 vault sentinels
  5 ice statues
  13 orange demons
  30 smoke demons
  11 spectral swamp worms (Tar:7)
  A death yak zombie (Crypt:1)
  20 hellions
  2 unseen horrors
  8 efreet
  7 komodo dragons
  11 anaconda simulacra
  2 dire elephant skeletons
  3 kobold demonologists (D:13)
  5 rime drakes
  7 freezing wraiths
  25 tormentors
  A sea snake zombie (Crypt:2)
  3 iron giant simulacra
  23 yaktaurs
  A minotaur zombie (Gauntlet)
  A harpy zombie (Crypt:1)
  An unseen horror skeleton (Crypt:2)
  39 guardian mummies
  An unseen horror zombie (Crypt:3)
  8 ice devils
  A merfolk (Abyss:5)
  A tengu conjurer (Gauntlet)
  5 ancient zymes (Abyss:5)
  2 red devils (Pan)
  A grey draconian skeleton (Crypt:3)
  A bunyip simulacrum (Coc:2)
  2 golden dragon simulacra
  A sea snake skeleton (Hell)
  7 tyrant leeches
  5 bloated husks
  15 hellwings
  A red draconian skeleton (Crypt:1)
  A spectral harpy (Tar:5)
  A polar bear (Lair:3)
  A wind drake (Zig:5)
  A spriggan skeleton (Depths:1)
  12 trolls
  A tarantella (shapeshifter) (Vaults:4)
  11 raiju
  A tarantella (Vaults:3)
  17 hornets
  8 glass eyes
  23 blink frogs
  A raiju (shapeshifter) (Lair:5)
  A stone giant simulacrum (Coc:6)
  2 hydra skeletons (Hell)
  6 dream sheep (Lair:5)
  An iron dragon simulacrum (Coc:7)
  3 water elementals
  113 slime creatures
  A vampire (D:12)
  11 ynoxinuls (Pan)
  4 air elementals
  5 wraiths
  2 shadows
  10 spriggans
  5 dire elephant simulacra
  3 naga simulacra
  10 ushabtiu
  A yak (shapeshifter) (Lair:5)
  49 yaks
  5 wyverns
  A human (Vaults:1)
  A black mamba skeleton (Tomb:1)
  8 basilisks
  6 golden eyes
  2 steam dragons
  5 hogs (D:12)
  22 chaos spawn
  6 fire elementals
  5 wargs
  2 redbacks
  14 neqoxecs
  A sea snake simulacrum (Hell)
  13 swamp worms
  6 vampire mosquitoes
  36 nagas
  17 harpy simulacra
  11 small abominations (Lair:5)
  3 acid dragons
  4 hydra simulacra
  Duvessa (D:5)
  15 water moccasins
  An ice beast (shapeshifter) (Elf:1)
  31 orc warriors
  A black bear (D:7)
  5 ettin simulacra
  2 hornet zombies
  8 swamp drakes (Swamp:4)
  3 ice beasts
  6 sky beasts
  13 ogres
  23 laughing skulls
  16 wolves
  15 centaurs
  2 phantoms
  A kobold brigand (D:9)
  2 elf zombies (Ossuary)
  2 hog skeletons
  Blork the orc (D:5)
  22 bullfrogs
  3 wyvern zombies
  A demonspawn simulacrum (Tomb:3)
  A gnoll sergeant (D:7)
  3 earth elementals
  2 scorpions
  2 water moccasin skeletons
  12 wights
  A wyvern skeleton (D:7)
  Dowan (D:5)
  A raiju zombie (Crypt:2)
  3 killer bees (D:10)
  A howler monkey (D:7)
  2 centaur zombies (D:7)
  A wolf skeleton (Crypt:3)
  5 bombardier beetles
  A lava snake (Orc:2)
  A bullfrog zombie (D:7)
  A human zombie (D:7)
  13 jellies
  21 orc priests
  Crazy Yiuf (D:4)
  4 hounds
  2 centaur skeletons (D:7)
  Ijyb (D:4)
  4 iguanas
  33 orc wizards
  10 hell rats
  A killer bee zombie (D:7)
  A hound zombie (Ossuary)
  2 naga skeletons
  A tengu skeleton (Crypt:2)
  44 mummies
  Robin (D:4)
  4 gnolls (D:7)
  7 adders
  A ribbon worm zombie (Crypt:1)
  A white imp (D:6)
  6 ufetubi
  An adder zombie (Ossuary)
  A lava snake skeleton (Crypt:2)
  3 dart slugs
  A ribbon worm (D:5)
  95 orcs
  17 endoplasms
  3 giant cockroaches
  2 gnoll zombies (Ossuary)
  10 goblins
  8 hobgoblins
  7 quokkas
  3 training dummies (Elf:2)
  9 ball pythons
  6 bats
  A frilled lizard (D:1)
  A goblin skeleton (Crypt:3)
  2 goblin zombies (Ossuary)
  A jackal zombie (Ossuary)
  17 kobolds
  2 kobold zombies (Ossuary)
  An orc zombie (Ossuary)
  8 rats
  12 aspiring fleshes
  2 ball lightnings (Pan)
  A butterfly (Lair:2)
  4 creeping infernos
  14 fire vortices
  A lurking horror (Abyss:5)
  5 tentacles (Tar:7)
4021 creatures vanquished.

Vanquished Creatures (collateral kills)
  An ancient lich (Dis:6)
  A Head Instructor (WizLab)
  3 caustic shrikes (Dis:6)
  A tengu reaver (Vaults:5)
  A fenstrider witch (Pan)
  A balrug (Geh:5)
  A vault warden (Vaults:5)
  An iron dragon (Vaults:5)
  A cacodemon (Pan)
  A vampire knight (WizLab)
  3 hell hogs (Geh:5)
  A death scarab (Tomb:3)
  A sixfirhy (Pan)
  A moth of wrath (Pan)
  2 cyclopes (Pan)
  A tengu conjurer (WizLab)
  A troll (D:7)
  A chaos spawn (Pan)
  An aspiring flesh (Pan)
24 creatures vanquished.

Vanquished Creatures (others)
  A frost giant (Depths:3)
  2 demonspawn blood saints (Pan)
  A rakshasa (Pan)
  A juggernaut simulacrum (Coc:7)
  A stoker (Geh:7)
  An orc knight (D:15)
  An ogre (Zig:11)
  An orc (D:15)
  4 ball lightnings (Pan)
  7 tentacles (Tar:7)
20 creatures vanquished.

Grand Total: 4065 creatures vanquished

Notes
Turn   | Place    | Note
-------+----------+-------------------------------------------
     0 | D:1      | EnegeticOcto the Coglin Conjurer began the quest for the
                  | Orb.
     0 | D:1      | Reached XP level 1. HP: 13/13 MP: 3/3
    74 | D:1      | Reached skill level 2 in Stealth
   115 | D:1      | Reached skill level 2 in Spellcasting
   115 | D:1      | Reached XP level 2. HP: 19/19 MP: 1/5
   118 | D:1      | Learned a level 2 spell: Searing Ray
   426 | D:1      | Reached XP level 3. HP: 24/24 MP: 4/6
   676 | D:1      | Reached skill level 4 in Conjurations
  1328 | D:1      | Identified a scroll of acquirement
  1330 | D:1      | Acquired a +1 cloak of poison resistance
  1459 | D:2      | Reached XP level 4. HP: 30/30 MP: 5/7
  1540 | D:2      | Reached skill level 3 in Stealth
  2369 | D:3      | Reached skill level 5 in Conjurations
  2369 | D:3      | Reached XP level 5. HP: 34/35 MP: 0/8
  2476 | D:3      | Found Zufenaop's General Store.
  2482 | D:3      | Bought a potion of invisibility for 88 gold pieces
  2482 | D:3      | Bought a potion of curing for 33 gold pieces
  2513 | D:3      | Reached skill level 1 in Fighting
  2780 | D:3      | Reached skill level 2 in Fighting
  2955 | D:4      | Found a radiant altar of Vehumet.
  3086 | D:4      | Noticed Robin
  3092 | D:3      | Reached XP level 6. HP: 44/44 MP: 6/9
  3195 | D:4      | Found a bloodstained altar of Trog.
  3199 | D:4      | Found a glowing silver altar of Zin.
  3254 | D:4      | Reached skill level 3 in Spellcasting
  3361 | D:4      | Found a runed translucent door.
  3362 | D:4      | Noticed Crazy Yiuf
  3442 | D:4      | Found a staircase to the Ecumenical Temple.
  3448 | Temple   | Entered the Ecumenical Temple
  3457 | Temple   | Became a worshipper of Ashenzari the Shackled
  3533 | D:4      | Noticed Ijyb
  3565 | D:4      | Killed Ijyb
  3849 | D:4      | Killed Robin
  4206 | D:4      | Found a bloodstained altar of Trog.
  4242 | D:4      | Found a staircase to the Ecumenical Temple.
  4510 | D:4      | Found a radiant altar of Vehumet.
  5022 | D:4      | Learned a level 4 spell: Iskenderun's Mystic Blast
  5051 | D:5      | Entered Level 5 of the Dungeon
  5129 | D:5      | Reached skill level 1 in Evocations
  5129 | D:5      | Reached XP level 7. HP: 50/50 MP: 5/11
  5211 | D:5      | Found a sand-covered staircase.
  5221 | Ossuary  | Entered an ossuary
  5263 | Ossuary  | Reached skill level 1 in Translocations
  5292 | Ossuary  | Reached skill level 6 in Conjurations
  5292 | Ossuary  | Reached skill level 2 in Evocations
  5478 | Ossuary  | Reached skill level 3 in Fighting
  5549 | Ossuary  | Reached skill level 2 in Translocations
  5759 | D:5      | Noticed Duvessa
  5788 | D:5      | Reached skill level 2 in Dodging
  5788 | D:5      | Reached skill level 3 in Evocations
  6127 | D:5      | Noticed Dowan
  6131 | D:5      | Killed Duvessa
  6132 | D:5      | Reached XP level 8. HP: 34/58 MP: 2/12
  6218 | D:5      | Killed Dowan
  6219 | D:5      | Reached skill level 3 in Translocations
  6489 | D:5      | Noticed Blork the orc
  6497 | D:5      | Killed Blork the orc
  6498 | D:5      | Reached skill level 4 in Fighting
  6498 | D:5      | Reached skill level 3 in Dodging
  6761 | D:5      | Reached * piety under Ashenzari
  7273 | D:6      | Reached skill level 4 in Translocations
  7291 | D:6      | Reached skill level 4 in Spellcasting
  7291 | D:6      | Reached XP level 9. HP: 50/67 MP: 2/15
  7436 | D:6      | Reached skill level 5 in Fighting
  7520 | D:6      | Reached skill level 1 in Short Blades
  7633 | D:6      | Reached skill level 2 in Short Blades
  7633 | D:6      | Reached skill level 5 in Translocations
  8037 | D:6      | Reached skill level 3 in Short Blades
  8114 | D:6      | Found an opulent altar of Gozag.
  8192 | D:6      | Reached ** piety under Ashenzari
  8380 | D:6      | Reached skill level 5 in Spellcasting
  8382 | D:6      | Reached skill level 4 in Short Blades
  8400 | D:6      | Noticed a troll
  8482 | D:6      | Killed a troll
  8483 | D:6      | Reached skill level 5 in Short Blades
  8483 | D:6      | Reached skill level 4 in Dodging
  8892 | D:7      | Noticed a troll
  8892 | D:7      | Noticed a troll
  8896 | D:7      | Killed a troll
  8903 | D:7      | Killed a troll
  8904 | D:7      | Reached XP level 10. HP: 65/74 MP: 3/17
  9198 | D:7      | Reached skill level 6 in Short Blades
  9267 | D:7      | Noticed an oklob plant
  9912 | D:7      | Reached skill level 5 in Dodging
  9912 | D:7      | Reached skill level 6 in Translocations
  9980 | D:7      | Reached skill level 6 in Fighting
 10166 | D:7      | Found an ancient bone altar of Kikubaaqudgha.
 10688 | D:7      | Noticed a cyclops
 10700 | D:7      | Killed a cyclops
 10701 | D:7      | Reached skill level 7 in Short Blades
 10701 | D:7      | Reached skill level 7 in Conjurations
 10810 | D:7      | Found a blossoming altar of Fedhas.
 11083 | D:7      | Learned a level 4 spell: Passage of Golubria
 11143 | D:7      | Noticed a gargoyle
 11158 | D:7      | Killed a gargoyle
 11488 | D:8      | Found an iron altar of Okawaru.
 11607 | D:8      | Found a sacrificial altar of Ru.
 11626 | D:8      | Found a staircase to the Lair.
 11920 | D:8      | Reached *** piety under Ashenzari
 12117 | D:8      | Found the +6 shillelagh "Devastator" {shatter}
 12333 | D:9      | Reached XP level 11. HP: 83/83 MP: 5/19
 12334 | D:9      | Reached skill level 7 in Fighting
 12334 | D:9      | Reached skill level 6 in Dodging
 12335 | D:9      | Reached skill level 1 in Maces & Flails
 12702 | D:9      | Found a snail-covered altar of Cheibriados.
 13200 | D:9      | Reached **** piety under Ashenzari
 13310 | D:9      | Noticed a two-headed ogre
 13321 | D:9      | Killed a two-headed ogre
 13322 | D:9      | Reached skill level 2 in Maces & Flails
 13442 | D:9      | Noticed a six-headed hydra
 13857 | D:9      | Killed a six-headed hydra
 13858 | D:9      | Reached skill level 6 in Spellcasting
 13999 | D:9      | Learned a level 2 spell: Blink
 14055 | D:10     | Entered Level 10 of the Dungeon
 14147 | D:10     | Found an ornate altar of the Wu Jian Council.
 14189 | D:10     | Reached skill level 3 in Maces & Flails
 14198 | D:10     | Found a sparkling altar of Nemelex Xobeh.
 14936 | D:10     | Reached skill level 8 in Fighting
 15060 | D:10     | Reached skill level 4 in Maces & Flails
 15546 | D:8      | Identified the staff "Feym" {rF- rC+ Will+ rCorr Int+3 Ice}
 16034 | D:8      | Identified the Teachings on Reconfiguration and the Storm
 16035 | D:8      | Noticed a four-headed hydra
 16035 | D:8      | Noticed a deep elf pyromancer
 16036 | D:8      | Noticed a boulder beetle
 16036 | D:8      | Noticed a tengu warrior
 16043 | D:8      | Killed a boulder beetle
 16044 | D:8      | Reached skill level 7 in Spellcasting
 16048 | D:8      | Reached XP level 12. HP: 86/94 MP: 13/22
 16053 | D:8      | Reached skill level 9 in Fighting
 16053 | D:8      | Reached skill level 5 in Maces & Flails
 16058 | D:8      | Killed a four-headed hydra
 16070 | D:8      | Killed a tengu warrior
 16292 | Lair:1   | Entered Level 1 of the Lair of Beasts
 16310 | Lair:1   | Reached skill level 1 in Staves
 16435 | Lair:1   | Reached skill level 4 in Evocations
 16642 | Lair:1   | Reached skill level 2 in Staves
 16771 | Lair:1   | Reached skill level 5 in Evocations
 16900 | Lair:1   | Reached skill level 10 in Fighting
 16900 | Lair:1   | Reached skill level 3 in Staves
 17012 | Lair:1   | Reached skill level 6 in Evocations
 17017 | Lair:1   | Reached skill level 4 in Staves
 17359 | Lair:1   | Learned a level 4 spell: Manifold Assault
 17398 | Lair:2   | Found a staircase to the Swamp.
 17403 | Lair:2   | Reached skill level 7 in Evocations
 17542 | Lair:2   | Noticed a skyshark
 17550 | Lair:2   | Killed a skyshark
 17551 | Lair:2   | Reached skill level 7 in Translocations
 17998 | Lair:2   | Reached XP level 13. HP: 106/106 MP: 21/26
 18220 | Lair:2   | Reached skill level 5 in Staves
 18223 | Lair:2   | Reached skill level 8 in Evocations
 18688 | Lair:2   | Found a transporter.
 18836 | Lair:2   | Identified the amulet "Oguzas" {RegenMP Slay+2}
 18845 | Lair:2   | Found a transporter.
 18952 | Lair:2   | Identified the +3 falchion "Uzuxt" {freeze, rN+}
 19088 | Lair:2   | Noticed xsansara's ghost (journeyman TrFi)
 19620 | Lair:3   | Reached skill level 8 in Translocations
 19640 | Lair:3   | Found a staircase to the Snake Pit.
 19654 | Lair:3   | Reached skill level 9 in Evocations
 20483 | Lair:3   | Reached skill level 6 in Staves
 20816 | Lair:4   | Found a staircase to the Slime Pits.
 20816 | Lair:4   | Found a viscous altar of Jiyva.
 20887 | Lair:4   | Reached skill level 8 in Spellcasting
 21542 | Lair:4   | Reached ***** piety under Ashenzari
 21776 | Lair:4   | Reached skill level 10 in Evocations
 21993 | Lair:5   | Entered Level 5 of the Lair of Beasts
 22047 | Lair:5   | Found a gate leading to a gauntlet.
 22056 | Gauntlet | Entered a Gauntlet
 22056 | Gauntlet | Found a transporter.
 22121 | Gauntlet | Found a transporter.
 22124 | Gauntlet | Found a transporter.
 22126 | Gauntlet | Found a transporter.
 22129 | Gauntlet | Found a runed translucent door.
 22131 | Gauntlet | Found a runed translucent door.
 22133 | Gauntlet | Found a transporter.
 22136 | Gauntlet | Found a transporter.
 22137 | Gauntlet | Found a transporter.
 22149 | Gauntlet | Found a transporter.
 22150 | Gauntlet | Found a transporter.
 22150 | Gauntlet | Found a transporter.
 22158 | Gauntlet | Found a transporter.
 22159 | Gauntlet | Identified the +5 cloak "Poergh" {rPois Will++}
 22161 | Gauntlet | Found a transporter.
 22162 | Gauntlet | Found a transporter.
 22168 | Gauntlet | Noticed a cacodemon
 22170 | Gauntlet | Found a transporter.
 22384 | Gauntlet | Reached skill level 8 in Conjurations
 22980 | Gauntlet | Noticed a minotaur
 22985 | Gauntlet | Killed a minotaur
 22987 | Gauntlet | Identified the Tome of Angular Cohobation
 23001 | Gauntlet | Reached skill level 7 in Staves
 23065 | Lair:5   | Reached XP level 14. HP: 108/116 MP: 28/28
 23196 | Lair:5   | Reached skill level 11 in Evocations
 23235 | Lair:5   | Reached skill level 11 in Fighting
 23235 | Lair:5   | Reached skill level 9 in Conjurations
 23715 | Lair:5   | Reached skill level 12 in Evocations
 24214 | Lair:5   | Identified the +4 morningstar of Buajipuh {protect, rElec
                  | Int+3 SInv}
 24342 | Lair:5   | Found a corrupted altar of Lugonu.
 24342 | Lair:5   | Found a one-way gate to the infinite horrors of the Abyss.
 24407 | Lair:5   | Reached skill level 1 in Armour
 24616 | Lair:5   | Reached ****** piety under Ashenzari
 25217 | D:4      | Found a runed translucent door.
 25223 | D:4      | Killed Crazy Yiuf
 25666 | D:11     | Noticed Urug
 25669 | D:11     | Noticed Fannar
 25671 | D:11     | Killed Urug
 25679 | D:11     | Killed Fannar
 25899 | D:11     | Found Ybolutt's Antique Weapon Shop.
 26008 | D:11     | Found a staircase to the Orcish Mines.
 26040 | D:11     | Reached skill level 2 in Armour
 26221 | D:11     | Reached skill level 6 in Maces & Flails
 26402 | D:11     | Identified the Verses on the Nival Wind
 26412 | D:11     | Reached XP level 15. HP: 127/127 MP: 17/30
 26687 | Orc:1    | Entered Level 1 of the Orcish Mines
 26790 | Orc:1    | Found Jewn's Armour Shoppe.
 26799 | Orc:1    | Found a runed translucent door.
 26800 | Orc:1    | Noticed Ragropp's ghost (journeyman MiFi)
 26807 | Orc:1    | Reached skill level 10 in Conjurations
 26985 | Orc:2    | Entered Level 2 of the Orcish Mines
 26995 | Orc:2    | Reached skill level 7 in Dodging
 26998 | Orc:2    | Reached skill level 13 in Evocations
 27141 | Orc:2    | Found Ecikhiguci's Antique Weapon Shop.
 27194 | Orc:2    | Reached skill level 12 in Fighting
 27204 | Orc:2    | Reached skill level 3 in Armour
 27323 | Orc:2    | Found Vime's General Store.
 27329 | Orc:2    | Found a staircase to the Elven Halls.
 27436 | Orc:2    | Found Mimor's Jewellery Shop.
 28035 | Orc:2    | Found Ehooxug's Antique Armour Shoppe.
 28126 | Orc:2    | Bought a heavily runed chain mail for 323 gold pieces
 28126 | Orc:2    | Identified the +4 chain mail "Jaghotal" {Slay+2} (You
                  | bought it in a shop on level 2 of the Orcish Mines)
 28132 | Orc:2    | Noticed Saint Roka
 28144 | Orc:2    | Killed Saint Roka
 28662 | D:12     | Noticed Lodul
 28664 | D:12     | Killed Lodul
 28930 | D:12     | Found a bloodstained altar of Trog.
 29004 | D:12     | Noticed Maurice
 29011 | D:12     | Killed Maurice
 29309 | D:12     | Noticed Kirke
 29312 | D:12     | Killed Kirke
 29313 | D:12     | Reached skill level 4 in Armour
 29447 | D:12     | Noticed Rupert
 29452 | D:12     | Killed Rupert
 29555 | D:12     | Reached skill level 7 in Maces & Flails
 29795 | D:13     | Found a gate to the Vaults.
 29956 | D:13     | Found a transporter.
 29956 | D:13     | Found a transporter.
 29960 | D:13     | Found a viscous altar of Jiyva.
 30358 | D:13     | Found a runed translucent door.
 30372 | D:13     | Reached skill level 8 in Dodging
 30528 | D:13     | Identified the +4 trident of Defence {heavy, rCorr}
 30530 | D:13     | Noticed Dyre's ghost (journeyman DjFE)
 30787 | D:13     | Identified the ring "Boruss" {Str+4 Slay+4 SInv}
 30788 | D:13     | Noticed a rockslime
 30952 | D:13     | Killed a rockslime
 30953 | D:13     | Reached skill level 14 in Evocations
 31024 | D:14     | Found a shadowy altar of Dithmenos.
 31034 | D:14     | Reached XP level 16. HP: 140/140 MP: 17/32
 31224 | D:14     | Reached skill level 5 in Armour
 31326 | D:15     | Entered Level 15 of the Dungeon
 31352 | D:15     | Noticed Jorgrun
 31360 | D:15     | Killed Jorgrun
 31712 | D:15     | Found a sacrificial altar of Ru.
 31731 | D:15     | Reached skill level 11 in Conjurations
 32155 | D:15     | Reached skill level 13 in Fighting
 32501 | D:15     | Reached skill level 8 in Maces & Flails
 32673 | D:15     | Found a staircase to the Depths.
 32919 | Lair:2   | Killed xsansara's ghost
 33116 | Snake:1  | Entered Level 1 of the Snake Pit
 33174 | Snake:1  | Learned a level 1 spell: Apportation
 33177 | Snake:1  | Learned a level 2 spell: Lesser Beckoning
 33182 | Snake:1  | Learned a level 4 spell: Vhi's Electric Charge
 33217 | Snake:1  | Reached skill level 9 in Dodging
 33356 | Snake:1  | Reached skill level 1 in Air Magic
 33394 | Snake:1  | Found Unniq's Distillery.
 33404 | Snake:1  | Bought a potion of haste for 180 gold pieces
 33404 | Snake:1  | Bought a potion of heal wounds for 90 gold pieces
 33404 | Snake:1  | Gained mutation: You are robust. (+10% HP) [potion of
                  | mutation]
 33404 | Snake:1  | Gained mutation: A frigid envelope surrounds you and
                  | freezes all who hurt you. [potion of mutation]
 33485 | Snake:1  | Found a glowing golden altar of the Shining One.
 33611 | Snake:1  | Found Vesug's Distillery.
 33616 | Snake:1  | Bought a potion of heal wounds for 85 gold pieces
 33616 | Snake:1  | Bought 2 potions of heal wounds for 170 gold pieces
 33616 | Snake:1  | Bought a potion of might for 68 gold pieces
 33616 | Snake:1  | Bought a potion of might for 68 gold pieces
 33641 | Snake:1  | Reached skill level 15 in Evocations
 33735 | Snake:1  | Found Guykkas's Armour Boutique.
 33769 | Snake:1  | Found Cubbal's Assorted Antiques.
 33785 | Snake:1  | Found Xuirunn's Distillery.
 33810 | Snake:1  | Bought the +2 pair of boots of the Untouchables {Harm rC+
                  | Will- Dex+3} for 459 gold pieces
 33821 | Snake:1  | Bought a dazzling plate armour for 980 gold pieces
 33821 | Snake:1  | Identified the +4 plate armour of the Armadillo {Dex+6}
                  | (You bought it in a shop on level 1 of the Snake Pit)
 33824 | Snake:1  | Bought a glowing wooden wand for 140 gold pieces
 34031 | Snake:1  | Reached skill level 2 in Air Magic
 34580 | Snake:2  | Reached XP level 17. HP: 162/162 MP: 17/33
 34582 | Snake:2  | Reached skill level 3 in Air Magic
 34879 | Snake:2  | Identified the +4 spear of Doom {venom, Str+4 Int+2}
 35384 | Snake:3  | Found Nuwigrem's Assorted Antiques.
 35480 | Snake:3  | Reached skill level 4 in Air Magic
 35516 | Snake:3  | Reached skill level 9 in Maces & Flails
 35778 | Snake:3  | Found an opulent altar of Gozag.
 36068 | Snake:4  | Entered Level 4 of the Snake Pit
 36226 | Snake:4  | Reached skill level 12 in Conjurations
 36278 | Snake:4  | Found a transporter.
 36279 | Snake:4  | Found a transporter.
 36288 | Snake:4  | Found a transporter.
 36300 | Snake:4  | Found a transporter.
 36608 | Snake:4  | Found a transporter.
 36612 | Snake:4  | Found a transporter.
 36614 | Snake:4  | Reached skill level 14 in Fighting
 36680 | Snake:4  | Noticed Agnes
 36683 | Snake:4  | Reached skill level 10 in Dodging
 36684 | Snake:4  | Killed Agnes
 36685 | Snake:4  | Reached skill level 16 in Evocations
 37346 | Snake:4  | Reached XP level 18. HP: 176/176 MP: 15/35
 37487 | Snake:4  | Reached skill level 10 in Maces & Flails
 37624 | Snake:4  | Got a serpentine rune of Zot
 37956 | Swamp:1  | Entered Level 1 of the Swamp
 38299 | Swamp:1  | Found a runed translucent gate.
 38299 | Swamp:1  | Found a runed translucent gate.
 38301 | Swamp:1  | Found a runed translucent gate.
 38302 | Swamp:1  | Noticed AzureDraco's ghost (journeyman DsGl)
 38302 | Swamp:1  | Noticed Jopt's ghost (journeyman VSBe)
 38304 | Swamp:1  | Noticed Vontreibholz's ghost (journeyman MDFi)
 38304 | Swamp:1  | Noticed Bamufeve's ghost (adept OnIE)
 38375 | Swamp:1  | Reached skill level 17 in Evocations
 38445 | Swamp:1  | Killed Vontreibholz's ghost
 38449 | Swamp:1  | Killed AzureDraco's ghost
 38454 | Swamp:1  | Killed Bamufeve's ghost
 38460 | Swamp:1  | Killed Jopt's ghost
 38461 | Swamp:1  | Reached skill level 11 in Dodging
 39119 | Swamp:2  | Reached skill level 13 in Conjurations
 39856 | Swamp:3  | Learned a level 5 spell: Irradiate
 40181 | Swamp:3  | Reached skill level 1 in Alchemy
 40196 | Swamp:3  | Reached skill level 15 in Fighting
 40434 | Swamp:4  | Entered Level 4 of the Swamp
 40473 | Swamp:4  | Noticed Nikola
 40480 | Swamp:4  | Killed Nikola
 40675 | Swamp:4  | Reached XP level 19. HP: 187/187 MP: 25/37
 41022 | Swamp:4  | Reached skill level 18 in Evocations
 41097 | Swamp:4  | Reached skill level 9 in Spellcasting
 41139 | Swamp:4  | Got a decaying rune of Zot
 41447 | Swamp:4  | Learned a level 3 spell: Ozocubu's Armour
 41741 | Elf:1    | Entered Level 1 of the Elven Halls
 41797 | Elf:1    | Reached skill level 12 in Dodging
 41962 | Elf:1    | Noticed a Tzitzimitl
 42464 | Elf:1    | Identified the +7 sling "Pataest" {elec, ^Contam rF+
                  | Will+++ Str-2}
 43850 | Elf:2    | Found a magical portal.
 43859 | WizLab   | Entered Yara's Duelist Academy
 43864 | WizLab   | Reached skill level 14 in Conjurations
 44852 | WizLab   | Noticed Wibleupn
 44856 | WizLab   | Killed Wibleupn the Head Instructor
 44857 | WizLab   | Reached XP level 20. HP: 193/193 MP: 24/37
 44861 | WizLab   | Reached skill level 16 in Fighting
 45177 | Elf:2    | Reached skill level 19 in Evocations
 45280 | Elf:2    | Reached skill level 10 in Spellcasting
 45305 | Elf:2    | Found a runed translucent gate.
 45306 | Elf:2    | Found a runed translucent gate.
 45306 | Elf:2    | Found a runed translucent gate.
 45531 | Abyss:3  | Cast into level 3 of the Abyss (a deep elf sorcerer)
 45546 | Abyss:3  | Found a corrupted altar of Lugonu.
 45550 | Elf:2    | Escaped the Abyss
 45618 | Elf:2    | Noticed Roxanne
 45626 | Elf:2    | Killed Roxanne
 46533 | Elf:2    | Reached skill level 13 in Dodging
 46681 | Elf:3    | Entered Level 3 of the Elven Halls
 46699 | Elf:3    | Found Dulo Har's Antique Weapon Emporium.
 47073 | Elf:3    | Found a portal to a secret trove of treasure.
 47339 | Elf:3    | Identified the +0 great mace of Beet {freeze, rC++}
 47339 | Elf:3    | Identified the ring of Isayleme {Will- Str+9 Int+2 Slay+4}
 47809 | Elf:3    | Identified the +1 hand axe of the Transmuting Sybil {holy,
                  | Stlth+}
 48377 | Elf:3    | Identified the +4 rapier of Xaroov {speed, rF- rC- Str+8
                  | Stlth+}
 48409 | Elf:3    | Noticed Louise
 48412 | Elf:3    | Killed Louise
 48566 | Elf:3    | Reached XP level 21. HP: 182/202 MP: 22/39
 48585 | Elf:3    | Reached skill level 20 in Evocations
 48636 | Elf:3    | Identified the +7 arbalest of Ru's Pride {penet, rC- Dex+5}
 48722 | Elf:3    | Identified the Incunable of Congelation
 48908 | Orc:2    | Bought glowing ice dragon scales for 2142 gold pieces
 49051 | Vaults:1 | Entered Level 1 of the Vaults
 49141 | Vaults:1 | Reached skill level 15 in Conjurations
 49200 | Vaults:1 | Noticed Zenata
 49207 | Vaults:1 | Killed Zenata
 49336 | Vaults:1 | Reached skill level 11 in Spellcasting
 49462 | Vaults:1 | Noticed Norris
 49466 | Vaults:1 | Killed Norris
 49467 | Vaults:1 | Reached skill level 17 in Fighting
 49825 | Vaults:1 | Identified the +4 robe of Pauziseo {rF+ Str+3}
 49825 | Vaults:1 | Noticed Boris
 49834 | Vaults:1 | Killed Boris
 50813 | Vaults:2 | Reached skill level 14 in Dodging
 50840 | Vaults:2 | Found Fuqirhao's Weapon Shoppe.
 50911 | Vaults:2 | Noticed Xtahua
 50925 | Vaults:2 | Killed Xtahua
 51087 | Vaults:2 | Identified the +2 robe of the Devil {Slay+2 Stlth+
                  | Archmagi}
 51087 | Vaults:2 | Noticed Boris
 51091 | Vaults:2 | Killed Boris
 51429 | Vaults:2 | Reached skill level 21 in Evocations
 51431 | Vaults:2 | Reached XP level 22. HP: 220/220 MP: 29/43
 52618 | Vaults:3 | Found a staircase to the Crypt.
 52618 | Vaults:3 | Found a basalt altar of Yredelemnul.
 52619 | Vaults:3 | Found an ancient bone altar of Kikubaaqudgha.
 52622 | Vaults:3 | Reached skill level 12 in Spellcasting
 52876 | Vaults:3 | Reached skill level 16 in Conjurations
 53351 | Vaults:4 | Reached skill level 18 in Fighting
 54096 | Vaults:4 | Found Puasio's Magic Scroll Shop.
 54478 | Vaults:4 | Identified the Parchment of Oxidation and Chilblains
 54537 | Vaults:4 | Identified the +1 cloak "Amoan" {rElec rC+ rCorr}
 54892 | Depths:1 | Entered Level 1 of the Depths
 55064 | Depths:1 | Found a one-way gate leading to the halls of Pandemonium.
 55243 | Depths:1 | Reached skill level 15 in Dodging
 55350 | Depths:1 | Found a one-way gateway to a ziggurat.
 55468 | Depths:1 | Found a gateway to Hell.
 55569 | Depths:1 | Reached skill level 22 in Evocations
 55635 | Depths:1 | Noticed a golden dragon
 55639 | Depths:1 | Killed a golden dragon
 55791 | Depths:1 | Reached XP level 23. HP: 228/228 MP: 37/45
 57225 | Depths:2 | Reached skill level 13 in Spellcasting
 57441 | Depths:2 | Found a glowing silver altar of Zin.
 57442 | Depths:2 | Found a white marble altar of Elyvilon.
 57447 | Depths:2 | Found a glowing golden altar of the Shining One.
 57535 | Hell     | Entered the Vestibule of Hell
 57535 | Hell     | Noticed Geryon
 58577 | Depths:3 | Reached skill level 17 in Conjurations
 58874 | Depths:3 | Found Sunkarphe's Jewellery Emporium.
 58875 | Depths:3 | Found Mesul's Book Shop.
 58876 | Depths:3 | Found Qeemmis's Jewellery Emporium.
 59261 | Depths:3 | Found a corrupted altar of Lugonu.
 59499 | Depths:3 | Reached skill level 16 in Dodging
 59817 | Depths:3 | Found the +8 demon trident "Rift" {distort, reach+}
 59818 | Depths:3 | Found the +15 Maxwell's patent armour {-Cast -Tele rElec
                  | Will+ rCorr}
 59997 | Depths:3 | Reached XP level 24. HP: 238/238 MP: 29/46
 60638 | Depths:3 | Identified the +8 sling "Cabalyme" {speed, rElec rN++
                  | Int+3}
 60676 | Hell     | Reached skill level 14 in Spellcasting
 60677 | Hell     | Killed Geryon
 60826 | Depths:4 | Entered Level 4 of the Depths
 60843 | Depths:4 | Found a flickering gateway to a bazaar.
 60852 | Bazaar   | Entered a bazaar
 60854 | Bazaar   | Found Xaylizue's Weapon Shoppe.
 60862 | Bazaar   | Found Cianib's Book Boutique.
 60903 | Bazaar   | Found Xola's Jewellery Emporium.
 60911 | Bazaar   | Found Nobuthrest's Book Shop.
 61189 | Depths:4 | Found a gate to the Realm of Zot.
 61565 | Depths:4 | Reached skill level 18 in Conjurations
 62403 | Crypt:1  | Entered Level 1 of the Crypt
 62529 | Crypt:1  | Reached skill level 17 in Dodging
 62611 | Crypt:1  | Paralysed by a vampire knight for 2 turns
 63225 | Crypt:2  | Identified the +4 robe "Maudghad" {rF+}
 63225 | Crypt:2  | Noticed Boris
 63229 | Crypt:2  | Killed Boris
 63733 | Crypt:2  | Reached skill level 15 in Spellcasting
 63873 | Crypt:2  | Identified the +0 scale mail of Pan-Flutes {Int+3}
 64685 | Crypt:3  | Entered Level 3 of the Crypt
 64685 | Crypt:3  | Noticed Grunn
 64692 | Crypt:3  | Killed Grunn
 66035 | Crypt:3  | Found a staircase to the Tomb.
 66154 | Crypt:2  | Found an ancient bone altar of Kikubaaqudgha.
 66215 | Crypt:3  | Reached XP level 25. HP: 221/238 MP: 12/47
 66277 | Crypt:3  | Noticed a dread lich
 66277 | Crypt:3  | Noticed an ancient lich
 66281 | Crypt:3  | Killed a dread lich
 66281 | Crypt:3  | Killed an ancient lich
 66282 | Crypt:3  | Reached skill level 18 in Dodging
 66402 | Crypt:3  | Noticed a dread lich
 66408 | Crypt:3  | Killed a dread lich
 66575 | Crypt:3  | Identified the +5 great mace "Guompuf" {drain, rF+ Will+
                  | Dex+3}
 66575 | Crypt:3  | Identified the staff "Gielax" {rN+ Necro Ice Earth}
 66575 | Crypt:3  | Identified the death talisman "Ythrynah" {rElec}
 66576 | Crypt:3  | Identified the +6 sling of Spontaneous Combustion
                  | {antimagic, rCorr Str+3 Int+3}
 67172 | Slime:1  | Entered Level 1 of the Pits of Slime
 67176 | Slime:1  | Reached skill level 1 in Shapeshifting
 67183 | Slime:1  | Reached skill level 2 in Shapeshifting
 67565 | Slime:2  | Reached skill level 3 in Shapeshifting
 67814 | Slime:2  | Reached skill level 4 in Shapeshifting
 68222 | Slime:3  | Reached skill level 5 in Shapeshifting
 68818 | Slime:5  | Entered Level 5 of the Pits of Slime
 68832 | Slime:5  | Reached skill level 6 in Shapeshifting
 70303 | Slime:5  | Found a viscous altar of Jiyva.
 70318 | Slime:5  | Identified the +3 mace "Festregg" {freeze, rF+ Will+ Str+4
                  | Dex+2}
 70330 | Slime:5  | Identified the +3 ring mail "Uvokkaz" {Rampage rN+}
 70336 | Slime:5  | Noticed the Royal Jelly
 70337 | Slime:5  | Reached skill level 7 in Shapeshifting
 70343 | Slime:5  | Killed the Royal Jelly
 70462 | Slime:5  | Identified Juhid's Anthology of Coffins
 70462 | Slime:5  | Identified the +0 sling "Cousudgh" {heavy, rPois Dex-2
                  | SInv}
 70493 | Slime:5  | Got a slimy rune of Zot
 70569 | Slime:5  | Identified the +2 hat "Qoinipsasur" {rN++}
 70571 | Slime:5  | Identified the ring "Ychel" {^Drain rElec rF+ rN+++ Stlth-}
 70731 | Slime:5  | Reached skill level 8 in Shapeshifting
 71432 | Vaults:5 | Entered Level 5 of the Vaults
 71534 | Vaults:5 | Reached skill level 9 in Shapeshifting
 71646 | Vaults:5 | Identified the ring "Udowa" {*Slow rPois rN++ Str+4 Int+6}
 71807 | Vaults:5 | Reached skill level 10 in Shapeshifting
 71811 | Vaults:5 | Noticed Sojobo
 71817 | Vaults:5 | Killed Sojobo
 71849 | Vaults:5 | Identified the ring "Wius" {Fly rF++ rCorr}
 71854 | Vaults:5 | Reached XP level 26. HP: 188/251 MP: 5/47
 71893 | Vaults:5 | Reached skill level 11 in Shapeshifting
 72208 | Vaults:5 | Got a silver rune of Zot
 72396 | Vaults:5 | Identified the +0 hat of Ennui {MP+9}
 72445 | Vaults:5 | Reached skill level 12 in Shapeshifting
 72627 | Vaults:5 | Identified the +6 plate armour of Painted Awe {Int+6}
 72644 | Vaults:5 | Noticed an ancient lich
 72650 | Vaults:5 | Killed an ancient lich
 72774 | Vaults:5 | Identified the orb of Durable Music {*Rage, Int+4}
 72785 | Vaults:5 | Reached skill level 13 in Shapeshifting
 72843 | Vaults:5 | Identified the ring "Iviemm" {rF+ Will++ AC+4}
 72850 | Vaults:5 | Identified the +5 short sword "Onluz" {heavy, Will+ Stlth+}
 72854 | Vaults:5 | Noticed an ancient lich
 72857 | Vaults:5 | Killed an ancient lich
 73741 | Zot:1    | Entered Level 1 of the Realm of Zot
 73993 | Zot:1    | Reached skill level 14 in Shapeshifting
 74037 | Zot:1    | Found a shimmering blue altar of Sif Muna.
 74653 | Zot:1    | Reached skill level 15 in Shapeshifting
 75646 | Zot:2    | Reached XP level 27. HP: 261/261 MP: 15/48
 75758 | Zot:2    | Reached skill level 16 in Shapeshifting
 76486 | Zot:3    | Reached skill level 17 in Shapeshifting
 76933 | Zot:3    | Found a sparkling altar of Nemelex Xobeh.
 77191 | Zot:3    | Reached skill level 18 in Shapeshifting
 78677 | Zot:4    | Reached skill level 6 in Armour
 78677 | Zot:4    | Reached skill level 19 in Shapeshifting
 78891 | Zot:4    | Noticed an orb of fire
 78896 | Zot:4    | Reached skill level 7 in Armour
 78902 | Zot:4    | Killed an orb of fire
 79096 | Zot:4    | Reached skill level 8 in Armour
 79096 | Zot:4    | Reached skill level 9 in Translocations
 79425 | Zot:4    | Reached skill level 9 in Armour
 79602 | Zot:4    | Identified the +8 great mace of Rekhloh {venom, Str+9 Int-4
                  | Stlth-}
 79649 | Zot:4    | Reached skill level 10 in Translocations
 80105 | Elf:3    | You paid a toll of +5 ice dragon scales to enter a treasure
                  | trove
 80106 | Trove    | Entered a treasure trove
 80125 | Trove    | Identified the staff "Duotoela" {rPois rF+ Str+3 Hexes
                  | Alchemy}
 80143 | Trove    | Identified the staff of Contradiction {rElec rF- Int+4 SInv
                  | Ice Air}
 80143 | Trove    | Identified the Spellbook of Austromancy and Heat
 80890 | Zot:4    | Identified the +2 chain mail of Vacuykun {Str+3 Int+7}
 80930 | Zot:4    | Reached skill level 10 in Armour
 81439 | Zot:4    | Found a glowing silver altar of Zin.
 81443 | Zot:4    | Found a shimmering altar of Xom.
 81443 | Zot:4    | Found a shimmering altar of Xom.
 81443 | Zot:4    | Found a shimmering altar of Xom.
 81443 | Zot:4    | Found a shimmering altar of Xom.
 81717 | Zig:1    | Entered Level 1 of a ziggurat
 81759 | Zig:2    | Entered Level 2 of a ziggurat
 81761 | Zig:2    | Identified the staff of Mayhem {+Blink rF+ rC+ Dex+2 Ice}
 81802 | Zig:2    | Learned a level 5 spell: Yara's Violent Unravelling
 81803 | Zig:3    | Entered Level 3 of a ziggurat
 81812 | Zig:3    | Reached skill level 2 in Alchemy
 81858 | Zig:4    | Entered Level 4 of a ziggurat
 81865 | Zig:4    | Reached skill level 1 in Hexes
 81912 | Zig:5    | Entered Level 5 of a ziggurat
 81916 | Zig:5    | Identified the +3 scale mail of Potippep {Dex+6}
 81922 | Zig:5    | Reached skill level 2 in Hexes
 81922 | Zig:5    | Reached skill level 3 in Alchemy
 81966 | Zig:6    | Entered Level 6 of a ziggurat
 82019 | Zig:7    | Entered Level 7 of a ziggurat
 82031 | Zig:7    | Reached skill level 4 in Alchemy
 82033 | Zig:7    | Reached skill level 3 in Hexes
 82033 | Zig:7    | Identified the +3 sling of Premature Burial {antimagic,
                  | Str+6}
 82086 | Zig:8    | Entered Level 8 of a ziggurat
 82181 | Zig:8    | Found the +8 storm bow {elec, penet}
 82182 | Zig:8    | Identified the amulet "Qighit" {Reflect rN+ Str+2 Dex+2
                  | SH+5}
 82200 | Zig:9    | Entered Level 9 of a ziggurat
 82207 | Zig:9    | Reached skill level 4 in Hexes
 82277 | Zig:9    | Identified the +12 glaive of the Vase {flame, *Corrode rN+
                  | Int+2}
 82280 | Zig:9    | Identified the +7 long sword of Disarray {drain, rElec
                  | Str-5 Int+2 SInv}
 82337 | Zig:10   | Entered Level 10 of a ziggurat
 82343 | Zig:10   | Noticed a royal mummy
 82350 | Zig:10   | Killed a royal mummy
 82355 | Zig:10   | Reached skill level 20 in Shapeshifting
 82358 | Zig:10   | Identified the +2 arbalest of Ryrgha {flame, Int+4 Dex+4}
 82499 | Zig:11   | Entered Level 11 of a ziggurat
 82564 | Zig:11   | Identified the amulet "Ongeaxox" {RegenMP *Corrode +Inv
                  | Dex-3 SInv}
 82564 | Zig:11   | Identified the +6 broad axe "Hihewumm" {venom, Fly rN+
                  | Dex+3}
 82564 | Zig:11   | Identified the amulet "Funk" {Faith rC+}
 82603 | Zig:11   | Identified the +5 quarterstaff "Onlicic" {freeze, *Noise
                  | rElec rC+}
 82603 | Zig:11   | Identified the +6 dagger of Integrity {elec, +Blink rElec
                  | rCorr}
 82689 | Pan      | Entered Pandemonium
 83072 | Pan      | Identified the +0 scale mail "Besupled" {Will+ rCorr Int+3}
 83363 | Pan      | Identified the +9 long sword of Fate {flame, Will- rCorr
                  | SInv}
 83495 | Pan      | Identified the +0 leather armour of Insatiable Hunger {+Inv
                  | rCorr Dex+4 Stlth+}
 83495 | Pan      | Identified the +0 scale mail of Oloharen {rC- Will++ Dex+2}
 83734 | Pan      | Reached skill level 21 in Shapeshifting
 84393 | Pan      | Noticed Qurowuth the pandemonium lord
 84402 | Pan      | Killed Qurowuth the pandemonium lord
 84580 | Pan      | Found a runed translucent door.
 84614 | Pan      | Got a demonic rune of Zot
 84677 | Pan      | Found a bloodstained altar of Trog.
 85173 | Pan      | Reached skill level 22 in Shapeshifting
 85493 | Pan      | Entered the realm of Lom Lobon.
 85893 | Pan      | Found an exit through the horrors of the Abyss.
 86799 | Pan      | Noticed Lom Lobon
 86832 | Pan      | Killed Lom Lobon
 86886 | Pan      | Got a magical rune of Zot
 87185 | Pan      | Entered the realm of Mnoleg.
 87224 | Pan      | Reached skill level 23 in Shapeshifting
 87360 | Pan      | Found an exit through the horrors of the Abyss.
 88097 | Pan      | Noticed Mnoleg
 88126 | Pan      | Killed Mnoleg
 88162 | Pan      | Identified the granite talisman "Zocsakukk" {rF+ Str+3
                  | Int+2 Dex+2}
 88238 | Pan      | Got a glowing rune of Zot
 88404 | Pan      | Reached skill level 24 in Shapeshifting
 88521 | Pan      | Noticed Coefog the pandemonium lord
 88532 | Pan      | Killed Coefog the pandemonium lord
 88655 | Pan      | Entered the realm of Cerebov.
 88655 | Pan      | Found the +6 sword of Cerebov {flame}
 88655 | Pan      | Noticed Cerebov
 88973 | Pan      | Found an exit through the horrors of the Abyss.
 89547 | Pan      | Reached skill level 16 in Spellcasting
 89834 | Pan      | Reached skill level 19 in Fighting
 89903 | Pan      | Killed Cerebov
 89911 | Pan      | Identified the +10 orcbow of the Radish {flame, rC+}
 89997 | Pan      | Identified the +1 dagger "Reqiegg" {flame, rPois Dex+3}
 90147 | Pan      | Identified Advanced Steps in Gnosis
 90190 | Pan      | Identified the Guide on Baneful Topomancy
 90191 | Pan      | Identified the Spellbook of the Battered Bounties
 90206 | Pan      | Identified the staff of the Dwarven Hall {Fly rPois rF- rC-
                  | SInv Alchemy}
 90253 | Pan      | Got a fiery rune of Zot
 90462 | Pan      | Entered the realm of Gloorx Vloq.
 90800 | Pan      | Identified the +0 ring mail of the Stonemason {Stlth+}
 90989 | Pan      | Found an exit through the horrors of the Abyss.
 91644 | Pan      | Noticed Gloorx Vloq
 91650 | Pan      | Killed Gloorx Vloq
 91662 | Pan      | Got a dark rune of Zot
 91805 | Pan      | Took an exit into the Abyss.
 91805 | Abyss:3  | Escaped into the Abyss
 91896 | Abyss:5  | Reached skill level 19 in Conjurations
 91933 | Abyss:5  | Got an abyssal rune of Zot
 92055 | Abyss:5  | Found a corrupted altar of Lugonu.
 92102 | Depths:1 | Escaped the Abyss
 92744 | Elf:3    | Reached skill level 25 in Shapeshifting
 93173 | Hell     | Found a gateway to the Iron City of Dis.
 93275 | Hell     | Found a gateway to the ashen valley of Gehenna.
 93399 | Hell     | Found a gateway to the decaying netherworld of Tartarus.
 93499 | Hell     | Reached skill level 17 in Spellcasting
 93561 | Hell     | Found a gateway to the freezing wastes of Cocytus.
 93678 | Tar:1    | Entered Level 1 of Tartarus
 94022 | Tar:3    | Reached skill level 19 in Dodging
 94149 | Tar:3    | Noticed an ancient lich
 94152 | Tar:3    | Killed an ancient lich
 95421 | Tar:7    | Entered Level 7 of Tartarus
 95554 | Tar:7    | Reached skill level 20 in Conjurations
 96488 | Tar:7    | Identified the +1 long sword "Xilae" {flame, +Blink rF++
                  | rC- Stlth+}
 96497 | Tar:7    | Reached skill level 18 in Spellcasting
 96505 | Tar:7    | Identified the Grimoire of Aggregated Combat Magic
 96505 | Tar:7    | Identified the +0 robe of the Shining Light {Regen+ Int+3}
 96844 | Tar:7    | Reached skill level 26 in Shapeshifting
 96889 | Tar:7    | Reached skill level 20 in Dodging
 97301 | Tar:7    | Identified the +1 orcbow "Goblin's Death" {antimagic,
                  | Will+}
 97312 | Tar:7    | Identified the ring "Ussoqozi" {rN+ Will+ Str+3}
 97368 | Tar:7    | Noticed Ereshkigal
 97377 | Tar:7    | Killed Ereshkigal
 97394 | Tar:7    | Identified the +8 whip of Greed {spect, Int+4}
 97394 | Tar:7    | Identified the +2 scimitar of the Disturbing Mystics
                  | {antimagic, Str+5}
 97396 | Tar:7    | Identified the Teachings on Deviated Ice
 97401 | Tar:7    | Got a bone rune of Zot
 98207 | Dis:1    | Entered Level 1 of the Iron City of Dis
 99112 | Dis:4    | Learned a level 7 spell: Orb of Destruction
 99333 | Dis:5    | Noticed an ancient lich
 99336 | Dis:5    | Killed an ancient lich
 99522 | Dis:5    | Reached skill level 19 in Spellcasting
 99679 | Dis:6    | Noticed an ancient lich
 99679 | Dis:6    | Noticed a dread lich
 99682 | Dis:6    | Killed a dread lich
 99683 | Dis:6    | Reached skill level 21 in Dodging
 99683 | Dis:6    | Noticed an ancient lich
 99685 | Dis:6    | Killed an ancient lich
 99690 | Dis:6    | Killed an ancient lich
 99723 | Dis:6    | Noticed an ancient lich
 99733 | Dis:6    | Killed an ancient lich
100288 | Zot:5    | Entered Level 5 of the Realm of Zot
101323 | Zot:5    | Noticed an orb of fire
101330 | Zot:5    | Killed an orb of fire
101917 | Zot:5    | Noticed an ancient lich
101918 | Zot:5    | Noticed an ancient lich
101919 | Zot:5    | Killed an ancient lich
101919 | Zot:5    | Killed an ancient lich
101923 | Zot:5    | Noticed an ancient lich
101925 | Zot:5    | Killed an ancient lich
101926 | Zot:5    | Reached skill level 27 in Shapeshifting
101929 | Zot:5    | Noticed an orb of fire
101935 | Zot:5    | Killed an orb of fire
102284 | Zot:5    | Reached skill level 22 in Dodging
102783 | Dis:7    | Entered Level 7 of the Iron City of Dis
102973 | Dis:7    | Reached skill level 4 in Stealth
103201 | Dis:7    | Reached skill level 11 in Armour
103445 | Dis:7    | Reached skill level 5 in Stealth
104697 | Dis:7    | Reached skill level 12 in Armour
104875 | Dis:7    | Reached skill level 6 in Stealth
105289 | Dis:7    | Reached skill level 13 in Armour
105769 | Dis:7    | Reached skill level 7 in Stealth
105969 | Dis:7    | Reached skill level 23 in Dodging
106041 | Dis:7    | Identified the ring "Vylilyim" {rPois rC+ Will+++ Slay-3}
106242 | Dis:7    | Identified the ring "Sedon" {rPois Will+ Str+3 SInv Stlth-}
106270 | Dis:7    | Reached skill level 8 in Stealth
106274 | Dis:7    | Identified the Directory of Undead Chrysopoeia
107295 | Dis:7    | Noticed Dispater
107305 | Dis:7    | Reached skill level 14 in Armour
107311 | Dis:7    | Killed Dispater
107379 | Dis:7    | Identified the +9 falchion of the Madman {drain, rCorr
                  | Str+3 Int-3}
107379 | Dis:7    | Identified the +1 leather armour "Waicepp" {rPois Dex+2
                  | Slay+6 Stlth+}
107383 | Dis:7    | Got an iron rune of Zot
107611 | Geh:1    | Entered Level 1 of Gehenna
107948 | Geh:1    | Reached skill level 9 in Stealth
108465 | Geh:3    | Learned a level 6 spell: Dispersal
109178 | Geh:5    | Noticed a dread lich
109178 | Geh:5    | Noticed a dread lich
109178 | Geh:5    | Noticed an ancient lich
109178 | Geh:5    | Noticed a dread lich
109199 | Geh:5    | Killed a dread lich
109200 | Geh:5    | Reached skill level 10 in Stealth
109205 | Geh:5    | Killed a dread lich
109240 | Geh:5    | Killed an ancient lich
109241 | Geh:5    | Reached skill level 15 in Armour
109376 | Geh:5    | Reached skill level 11 in Translocations
109659 | Geh:5    | Killed a dread lich
110146 | Geh:7    | Entered Level 7 of Gehenna
110151 | Geh:7    | Reached skill level 11 in Stealth
110388 | Geh:7    | Reached skill level 12 in Translocations
111000 | Geh:7    | Reached skill level 16 in Armour
111216 | Geh:7    | Reached skill level 12 in Stealth
111530 | Geh:7    | Reached skill level 13 in Translocations
111589 | Geh:7    | Identified Ygarruj's Volume of Kinetic Energy and the
                  | Atmosphere
111589 | Geh:7    | Identified the staff of the Bruised People {rPois rN+ Int-5
                  | Conj Necro Ice}
111736 | Geh:7    | Found the +13 sceptre of Asmodeus
111736 | Geh:7    | Noticed Asmodeus
111752 | Geh:7    | Killed Asmodeus
111906 | Geh:7    | Got an obsidian rune of Zot
112234 | Coc:1    | Entered Level 1 of Cocytus
112994 | Coc:4    | Reached skill level 13 in Stealth
113052 | Coc:4    | Reached skill level 14 in Translocations
113055 | Coc:4    | Reached skill level 17 in Armour
113958 | Coc:6    | Noticed an ancient lich
113963 | Coc:6    | Killed an ancient lich
114142 | Coc:7    | Entered Level 7 of Cocytus
114188 | Coc:7    | Reached skill level 14 in Stealth
114188 | Coc:7    | Reached skill level 15 in Translocations
114260 | Coc:7    | Noticed the Serpent of Hell
114266 | Coc:7    | Killed the Serpent of Hell
114592 | Coc:7    | Reached skill level 18 in Armour
114929 | Coc:7    | Identified the +6 bardiche of Iradgh {holy, Will+ Int-3
                  | Dex+2 SInv}
114935 | Coc:7    | Reached skill level 15 in Stealth
114972 | Coc:7    | Identified the +4 ring mail of Imperfection {+Blink rC-
                  | rN++ Str+8}
115185 | Coc:7    | Reached skill level 19 in Armour
115341 | Coc:7    | Reached skill level 16 in Stealth
115463 | Coc:7    | Noticed Antaeus
115478 | Coc:7    | Killed Antaeus
115551 | Coc:7    | Identified the +0 chain mail "Ekhycech" {Str+6}
115555 | Coc:7    | Found the +7 lajatang of Order {silver, rMut}
115555 | Coc:7    | Identified the amulet of Daycu {Spirit Rampage rC+++ rN+
                  | SInv}
115568 | Coc:7    | Got an icy rune of Zot
115993 | Tomb:1   | Entered Level 1 of the Tomb of the Ancients
116592 | Tomb:1   | Identified the +1 broad axe "Wyush" {vamp, rC+}
116592 | Tomb:1   | Noticed a royal mummy
116597 | Tomb:1   | Killed a royal mummy
116601 | Tomb:1   | Noticed a royal mummy
116607 | Tomb:1   | Killed a royal mummy
116611 | Tomb:1   | Identified Sif Muna's Compendium of the Burn
116718 | Tomb:1   | Reached skill level 20 in Armour
116766 | Tomb:1   | Reached skill level 17 in Stealth
116794 | Tomb:1   | Noticed a royal mummy
116799 | Tomb:1   | Killed a royal mummy
116989 | Tomb:2   | Noticed Khufu
116989 | Tomb:2   | Noticed a royal mummy
116989 | Tomb:2   | Noticed a royal mummy
116991 | Tomb:2   | Noticed a royal mummy
117086 | Tomb:3   | Entered Level 3 of the Tomb of the Ancients
117091 | Tomb:3   | Noticed Mennas
117102 | Tomb:3   | Identified the +2 robe "Tamimuw" {Dex+6}
117102 | Tomb:3   | Noticed a royal mummy
117107 | Tomb:3   | Killed a royal mummy
117116 | Tomb:3   | Noticed a royal mummy
117120 | Tomb:3   | Noticed a royal mummy
117120 | Tomb:3   | Noticed a royal mummy
117121 | Tomb:3   | Killed a royal mummy
117122 | Tomb:3   | Reached skill level 18 in Stealth
117123 | Tomb:3   | Noticed a royal mummy
117124 | Tomb:3   | Reached skill level 21 in Armour
117124 | Tomb:3   | Noticed a royal mummy
117129 | Tomb:3   | Got a golden rune of Zot
117130 | Tomb:3   | Noticed a royal mummy
117132 | Tomb:3   | Noticed a royal mummy
117964 | Zot:5    | Noticed an ancient lich
117967 | Zot:5    | Killed an ancient lich
117985 | Zot:5    | Noticed an orb of fire
117991 | Zot:5    | Killed an orb of fire
118037 | Zot:5    | Noticed an orb of fire
118041 | Zot:5    | Killed an orb of fire
118042 | Zot:5    | Noticed a dread lich
118046 | Zot:5    | Killed a dread lich
118271 | Zot:5    | Got the Orb of Zot
118656 | D:9      | Identified the +4 robe of the Accordion {Dex+5}
118656 | D:9      | Noticed Boris
118662 | D:9      | Killed Boris
118663 | D:9      | Reached skill level 19 in Stealth
118837 | D:$      | Escaped with the Orb!

Illustrated notes

Levels and vault maps discovered:
D:1:      grunt_arrival_crossed_arrows, layout_loops_ring, minmay_pentomino_t4
D:2:      layout_rooms
D:3:      layout_basic, serial_shops, shop, serial_corexii_hall,
          chequers_hall_statues_corner_a, chequers_hall_statues_y
D:4:      layout_loops_corners, nicolae_vehumet_radiance,
          grunt_temple_overflow_open, minmay_temple_entry_waves,
          nicolae_goblin_pals, uniq_crazy_yiuf_cottage
D:5:      layout_cave_pools, enter_ossuary_5, uniq_ijyb, uniq_duvessa,
          uniq_blork_the_orc
D:6:      minmay_cornered_nines, layout_basic, grunt_gozag_breadcrumbs,
          hangedman_abyss_or_decor_stabs, minmay_manual_mares
D:7:      lemuel_slime, layout_loops_ring, lemuel_mausoleum_altar_kikubaaqudgha,
          fedhas_altar_4, hangedman_minor_gate_pass
D:8:      minmay_the_grid_triangle_9x9_rhombus_thin
          [minmay_the_grid_triangle_9x9_flanged_cone,
          minmay_the_grid_triangle_9x9_prize_insulated,
          minmay_the_grid_triangle_9x9_swiss_cheese,
          minmay_the_grid_triangle_9x9_cache], layout_rooms, okawaru_trees_2,
          mainiacjoe_overflow_catwalk, chequers_serial_rivers_marsh
D:9:      layout_basic, slow_altar_2, minivault_20
D:10:     layout_grid_maze, general_overflow_altar,
          nicolae_wu_jian_wuxing_cycle, minmay_orc_keep
D:11:     layout_loops_cross, hiddenorc2_lemuel, serial_shops,
          nicolae_shop_crystal, uniq_fannar, uniq_urug
D:12:     layout_loops_ring, trog_three_pillars_becter, uniq_rupert,
          uniq_maurice, uniq_lodul, uniq_kirke
D:13:     gammafunk_jiyva_shrine, layout_loops_corners,
          hellmonk_vaults_order_and_chaos, ebering_ghost_funeral_grove
D:14:     layout_cross, nicolae_dithmenos_through_a_glass_darkly
D:15:     gammafunk_enter_depths_forms, layout_stronghold,
          nicolae_ru_great_annihilating_truth, uniq_jorgrun
Temple:   chequers_temple_sunken
Lair:1:   layout_gridlike, beast_lair_carwin_6
Lair:2:   layout_regular_city, skrybe_swamp_entry_bodies,
          gammafunk_ghost_berserking_beasts, serial_forest,
          infiniplex_forest_clump_tiny, infiniplex_forest_lined_2,
          infiniplex_forest_clump_curved, infiniplex_forest_clump_long,
          infiniplex_forest_end_2, lemuel_fruit_fields, grunt_megastairs_4
Lair:3:   cheibrodos_lair_river_kwai, layout_cave_pods,
          minmay_snake_entry_guardpost_medium, serial_bayou_shore_a,
          serial_bayou_shore_b
Lair:4:   layout_regular_city, slime_entry_1, lemuel_fruit_tree
Lair:5:   hellmonk_lair_end_abyssal_woods, layout_gridlike,
          gauntlet_entry_generic, grunt_megastairs_3
Swamp:1:  layout_basic_swamp, gammafunk_ghost_cemetery,
          nicolae_swamp_fairy_circle, swamp_pool_1_2
Swamp:2:  layout_basic_swamp, evilmike_swamp_ruin_house_2
Swamp:3:  layout_basic_swamp, nicolae_swamp_very_dense_foliage, swamp_pool_5
Swamp:4:  swamp_basic_johnstein, layout_basic_swamp, uniq_nikola
Snake:1:  layout_chambers, basic_altar, serial_shops,
          nicolae_shop_tiny_statue_garden, nicolae_shop_hallway_plus,
          nicolae_snake_serpentine_bazaar
Snake:2:  layout_cave_shapes, serial_bayou_shore_b, serial_bayou_shore_b
Snake:3:  layout_onion_interference, serial_shops, shop_fountains, basic_altar
Snake:4:  grunt_snake_rune_spirals, layout_onion_interference,
          serial_nicolae_subway, nicolae_sub_station_crystal,
          nicolae_sub_station_stone, nicolae_sub_station_metal, uniq_agnes
Slime:1:  layout_caves
Slime:2:  layout_caves
Slime:3:  layout_caves, nicolae_slime_getting_an_eyeful
Slime:4:  cheibrodos_slime_lost_civilization_3, layout_caves
Slime:5:  slime_pit_nicolae_trefoil
Orc:1:    layout_diamond_mine, ebering_ghost_inner_flame, serial_shops,
          nicolae_shop_temple_entry_statues_fountains
Orc:2:    grunt_orc_gardens, layout_diamond_mine, grunt_orc_garden,
          grunt_orc_garden, grunt_orc_garden, grunt_orc_garden,
          nicolae_orc_lava_tube, uniq_saint_roka
Elf:1:    elf_arrival_002, layout_onion_city, minivault_28,
          minmay_misc_feat_cross
Elf:2:    nicolae_elf_blades_crystal_corner, layout_loops_corners,
          mu_enter_wizlab_3, nicolae_elf_archery_training, uniq_roxanne
Elf:3:    minmay_elf_hall_furrowed, layout_loops_corners,
          nicolae_trove_entry_crossroad, serial_shops, shop, glass_columns_c,
          uniq_louise
Vaults:1: v_misc_4, nicolae_vaults_alarming, nicolae_vaults_holding_cells,
          nicolae_vaults_shrinking_rooms_2, v_misc_3,
          nicolae_vaults_mini_display_case, v_rooms_1, vaults_room_semicircle,
          vaults_dpeg_ring, layout_vaults_omnigrid, uniq_norris, uniq_boris,
          uniq_zenata
Vaults:2: nicolae_vaults_weapon_check, nicolae_vaults_angled_halls, v_misc_13,
          hangedman_vaults_snaps, v_misc_16, hangedman_vaults_capsules,
          nicolae_vaults_house_2, nicolae_vaults_taking_the_gang_shopping,
          layout_vaults_omnibox, uniq_xtahua
Vaults:3: nicolae_vaults_oval_intersection, hangedman_vaults_maws,
          hangedman_vaults_nails, minmay_crypt_entry_necro_gods,
          ontoclasm_vaults_chip, ontoclasm_vaults_loading_screen,
          nicolae_vaults_circle_grid_b, nicolae_vaults_twisting_passages,
          nicolae_vaults_ellipses_ellipsis, nicolae_vaults_double_plus_2,
          hangedman_vaults_impose, ontoclasm_vaults_chip,
          nicolae_vaults_library_corner, layout_vaults_ring
Vaults:4: nicolae_vaults_meiosis, st_cross, nicolae_vaults_yaktaur_gun_rack,
          nicolae_vaults_doubleplus_tesselated, v_misc_25, vaults_mumra_chevron,
          nicolae_vaults_trapezoid_3, vaults_dpeg_encased_lava,
          hangedman_vaults_trim, nicolae_vaults_tetromino_Z_1,
          nicolae_vaults_diamond_1, vaults_dpeg_hooks,
          layout_vaults_chaotic_city, serial_shops, shop
Vaults:5: uniq_sojobo
Crypt:1:  layout_misc_corridors
Crypt:2:  layout_catacombs, lemuel_upstairs_altar
Crypt:3:  david_glass_crypt, layout_misc_corridors, tomb_entry_simple_bobbens,
          roderic_lattice_octagonal_star, uniq_grunn
Tomb:1
Tomb:2:   uniq_khufu
Tomb:3:   uniq_mennas
Depths:1: layout_gridlike, enter_ziggurat_e, minmay_tree_intersection,
          hell_entry, grunt_pan_entry_sceptre, grunt_decor_junction,
          wad_mini_maze
Depths:2: kennysheep_blocky_hall, layout_basic, rand_demon_pan_entry_4,
          hell_entry, abyss_entry_small_statue_room, good_gods_mini_temple
Depths:3: grunt_house_of_mirrors, layout_basic, abyss_entry_flame_altar,
          lightli_too_deep, grunt_pan_entry_spiral,
          hangedman_abyss_or_decor_stagger, grunt_megastairs_5,
          minmay_staircase_windowed_large, minmay_shop_grove
Depths:4: evilmike_zot_entry_basic, layout_honeycomb,
          grunt_hell_entry_dis_grunt, abyss_entry, serial_shops,
          bzr_entry_dummy, nicolae_concentric_dashed_squares_mild
Hell
Dis:1:    layout_overlapping_boxes
Dis:2:    layout_jigsaw
Dis:3:    layout_gridville, nicolae_dis_having_a_grate_time
Dis:4:    layout_gridville
Dis:5:    layout_regular_city
Dis:6:    layout_subdivisions, nicolae_dis_liches_on_tour
Dis:7:    iron_city_of_dis [dis_old, dis_wall_1], layout_gridville
Geh:1:    nicolae_geh_split_lavaduct, layout_gehenna_pools_triple
Geh:2:    layout_gehenna_pools_basic, nicolae_geh_amphitheater
Geh:3:    layout_gehenna_lava_caves
Geh:4:    layout_gehenna_pools_box
Geh:5:    layout_gehenna_pools_box, nicolae_geh_liches_on_tour
Geh:6:    layout_gehenna_lava_caves, nicolae_geh_gnashing_of_teeth
Geh:7:    evilmike_geh
Coc:1:    layout_cocytus_water_paths
Coc:2:    layout_cocytus_water_paths
Coc:3:    layout_cocytus_water_paths
Coc:4:    layout_ice_bergs
Coc:5:    layout_ice_bergs
Coc:6:    layout_ice_bergs
Coc:7:    coc_hangedman
Tar:1:    layout_grid_maze
Tar:2:    layout_cathedral_of_symmetry, lemuel_nasty_fountain
Tar:3:    layout_cathedral_of_symmetry, nicolae_hells_fiendish_ambush
Tar:4:    layout_grid_maze, lemuel_nasty_fountain
Tar:5:    layout_grid_maze, nicolae_tar_four_comb_rooms
Tar:6:    layout_cathedral_of_symmetry
Tar:7:    tar_minmay_river
Zot:1:    kennysheep_spiral_hall, layout_onion_interference,
          regret_index_zotdec_magical_s
Zot:2:    layout_onion_interference
Zot:3:    regret_index_malice_mire, layout_gridlike,
          regret_index_zotdec_twisting_globes, st_single_dragon_hoard_2,
          st_stairs_6
Zot:4:    dreamdust_zin_vs_xom, layout_misc_corridors
Zot:5:    layout_onion

Skill      XL: |  1  2  3  4  5  6  7  8  9 10 11 12 13 14 15 16 17 18 19 20 21 22 23 24 25 26 27 |
---------------+----------------------------------------------------------------------------------+-----
Stealth        | 2 3 19 | 19.1
Spellcasting   | 2 3 4 5 7 8 9 10 11 12 13 15 19 | 19.7
Conjurations   | 4 5 6 7 8 9 10 11 12 13 14 15 16 17 18 20 | 20.7
Fighting       | 2 3 4 5 6 8 10 11 12 13 14 15 16 17 18 19 | 19.7
Evocations     | 1 3 7 10 12 14 15 16 17 18 19 21 22 | 22.7
Translocations | 2 4 5 6 7 8 15 | 15.0
Dodging        | 2 3 4 5 6 8 9 10 11 12 13 14 15 16 17 18 23 | 23.8
Short Blades   | 5 7 |  7.7
Maces & Flails | 4 5 6 7 8 9 10 | 10.1
Staves         | 4 7 |  7.3
Armour         | 2 4 5 21 | 21.7
Air Magic      | 2 4 |  4.0
Alchemy        | 1 4 |  4.7
Shapeshifting  | 10 15 27 | 27.0
Hexes          | 4 |  4.0

Action                     |  1- 3 |  4- 6 |  7- 9 | 10-12 | 13-15 | 16-18 | 19-21 | 22-24 | 25-27 || total
---------------------------+-------+-------+-------+-------+-------+-------+-------+-------+-------++-------
  Melee: Dagger            |       |     8 |   126 |   445 |       |       |       |       |       ||   579
         Short sword       |       |     8 |    79 |       |       |       |       |       |       ||    87
         Shillelagh        |       |       |       |   240 |   698 |   579 |       |       |       ||  1517
         Staff             |       |       |       |   128 |   699 |   838 |  1490 |  1938 | 10033 || 15126
   Cast: Magic Dart        |    60 |    92 |   114 |   103 |       |       |       |       |       ||   369
         Searing Ray       |       |    13 |    38 |    61 |       |       |       |       |       ||   112
         Iskenderun's Myst |       |       |     4 |    17 |       |       |       |       |       ||    21
         Manifold Assault  |       |       |       |    23 |   222 |   458 |   536 |   693 |  3306 ||  5238
         Vhi's Electric Ch |       |       |       |       |       |     5 |     8 |     5 |    94 ||   112
         Irradiate         |       |       |       |       |       |     1 |     3 |     1 |     3 ||     8
         Blink             |       |       |       |       |       |       |       |       |     5 ||     5
         Orb of Destructio |       |       |       |       |       |       |       |       |     2 ||     2
         Apportation       |       |       |       |       |       |       |       |       |     1 ||     1
         Passage of Golubr |       |       |       |       |       |       |       |       |     1 ||     1
 Invoke: Curse Item        |       |       |     3 |     4 |     6 |     4 |     1 |     1 |     4 ||    23
         Shatter the Chain |       |       |       |     2 |     2 |     3 |     1 |     2 |     3 ||    13
  Evoke: Wand              |       |       |     1 |     5 |       |       |       |       |    31 ||    37
         Lightning rod     |       |       |       |       |     8 |       |       |       |       ||     8
         Sack of spiders   |       |       |       |       |       |       |     1 |       |     6 ||     7
         Phantom mirror    |       |       |       |       |       |       |     1 |       |     5 ||     6
         Horn of Geryon    |       |       |       |       |       |       |       |       |     5 ||     5
         Condenser vane    |       |       |       |       |       |       |       |       |     1 ||     1
    Use: Scroll            |     3 |     4 |     2 |     1 |     1 |       |     5 |       |    29 ||    45
         Potion            |       |       |     1 |       |       |     2 |     1 |     3 |    27 ||    34
   Stab: Distracted        |       |       |     1 |       |       |     1 |       |       |     4 ||     6
         Sleeping          |       |       |       |     8 |     7 |     4 |       |       |     3 ||    22
         Invisible         |       |       |       |       |       |     1 |       |       |     1 ||     2
         Paralysed         |       |       |       |       |       |     1 |       |       |       ||     1
         Held in net/web   |       |       |       |       |       |       |       |       |     4 ||     4
 Armour: Robe              |     5 |    12 |   179 |       |       |       |       |     2 |    60 ||   258
         Leather armour    |       |       |    17 |   219 |   164 |    86 |    55 |    87 |       ||   628
         Troll leather arm |       |       |       |       |       |       |       |       |   320 ||   320
         Fire dragon scale |       |       |       |       |       |       |       |       |    16 ||    16
  Dodge: Dodged            |     2 |    14 |   214 |   447 |   441 |   144 |   105 |   343 |   916 ||  2626
   Form: Death             |       |       |       |       |       |       |       |       |     5 ||     5
                           |       |       |       |       |       |       |       |       |     4 ||     4

Table legend: (Time is in decaauts)
 A = Elapsed time spent in this place.
 B = Non-inter-level travel time spent in this place.
 C = Inter-level travel time spent in this place.
 D = Time resting spent in this place.
 E = Time spent auto-exploring this place.
 F = Levels seen in this place.
 G = Mean time per level.
                   A        B        C        D        E       F      G
               +--------+--------+--------+--------+--------+-----+--------+
         Total | 119536 | 108863 |  10673 |  19924 |  70102 | 120 |  996.1 |
       Dungeon |  23784 |  20476 |   3308 |   2816 |  14594 |  15 | 1585.6 |
        Temple |     19 |     12 |      7 |      0 |      0 |   1 |   19.0 |
          Lair |   8498 |   7699 |    799 |    120 |   6525 |   5 | 1699.6 |
         Swamp |   3819 |   3610 |    209 |    262 |   2745 |   4 |  954.8 |
     Snake Pit |   4750 |   4584 |    166 |    302 |   3561 |   4 | 1187.5 |
    Slime Pits |   3881 |   3832 |     49 |   2712 |    557 |   5 |  776.2 |
  Orcish Mines |   2382 |   1870 |    512 |      0 |   1631 |   2 | 1191.0 |
   Elven Halls |   6185 |   5826 |    359 |   1079 |   4017 |   3 | 2061.7 |
        Vaults |   8909 |   7521 |   1388 |    202 |   6229 |   5 | 1781.8 |
         Crypt |   4449 |   4033 |    416 |    452 |   3194 |   3 | 1483.0 |
          Tomb |   1339 |   1217 |    122 |    202 |    599 |   3 |  446.3 |
        Depths |   8206 |   7020 |   1186 |   1086 |   5234 |   4 | 2051.5 |
          Hell |   1262 |   1001 |    261 |    159 |    691 |   1 | 1262.0 |
           Dis |   6665 |   6280 |    385 |   3310 |   1567 |   7 |  952.1 |
       Gehenna |   4549 |   4306 |    243 |    357 |   3266 |   7 |  649.9 |
       Cocytus |   3395 |   3246 |    149 |   1152 |   1196 |   7 |  485.0 |
      Tartarus |   4416 |   4133 |    283 |    857 |   2287 |   7 |  630.9 |
           Zot |   9783 |   8959 |    824 |   1986 |   5824 |   5 | 1956.6 |
         Abyss |    324 |    324 |      0 |     14 |      0 |   4 |   81.0 |
   Pandemonium |   9059 |   9059 |      0 |   1314 |   5368 |  12 |  754.9 |
      Ziggurat |    953 |    953 |      0 |    119 |    440 |  11 |   86.6 |
        Bazaar |    116 |    116 |      0 |      0 |     94 |   1 |  116.0 |
         Trove |     93 |     93 |      0 |      0 |      0 |   1 |   93.0 |
       Ossuary |    510 |    510 |      0 |    160 |     84 |   1 |  510.0 |
        Wizlab |   1176 |   1176 |      0 |    707 |    133 |   1 | 1176.0 |
      Gauntlet |   1001 |   1001 |      0 |    552 |    264 |   1 | 1001.0 |
               +--------+--------+--------+--------+--------+-----+--------+

Top non-repeatable levels by time:
   Dis:7: 4782 daAuts
     D:7: 2870 daAuts
   Tar:7: 2717 daAuts
   Zot:5: 2619 daAuts
Depths:2: 2590 daAuts
     D:4: 2427 daAuts
   Zot:3: 2413 daAuts
Depths:3: 2315 daAuts
 Slime:5: 2302 daAuts
   Elf:3: 2280 daAuts
   Elf:1: 2175 daAuts
Vaults:5: 2089 daAuts
    D:15: 2070 daAuts
   Geh:7: 2059 daAuts
  Lair:2: 2054 daAuts

Table legend:
 A = Kills in this place as a percentage of kills in the entire game.
 B = Kills by you in this place as a percentage of kills by you in the entire game.
 C = Kills by friends in this place as a percentage of kills by friends in the entire game.
 D = Other kills in this place as a percentage of other kills in the entire game.
 E = Experience gained in this place as a percentage of experience gained in the entire game.
 F = Experience gained in this place divided by the number of levels of this place that you have seen.
                   A       B       C       D       E      F
               +-------+-------+-------+-------+-------+----------------------
         Total | 100.0 | 100.0 | 100.0 | 100.0 | 100.0 | 27651.5
       Dungeon |  11.9 |  11.9 |   4.3 |  22.2 |   2.8 | 6261.3
          Lair |   5.2 |   5.3 |   0.0 |   0.0 |   1.7 | 11514.4
         Swamp |   3.6 |   3.6 |   0.0 |   0.0 |   2.8 | 22969.8
     Snake Pit |   4.1 |   4.2 |   0.0 |   0.0 |   3.0 | 24514.5
    Slime Pits |   2.9 |   2.9 |   0.0 |   0.0 |   2.1 | 14055.8
  Orcish Mines |   2.0 |   2.0 |   0.0 |   0.0 |   0.6 | 9460.0
   Elven Halls |   4.3 |   4.3 |   0.0 |   0.0 |   3.9 | 43123.3
        Vaults |   9.0 |   9.0 |  13.0 |   0.0 |   9.2 | 61262.4
         Crypt |   2.7 |   2.8 |   0.0 |   0.0 |   2.8 | 30938.0
          Tomb |   4.6 |   4.6 |   4.3 |   0.0 |   3.8 | 41949.7
        Depths |   5.1 |   5.2 |   0.0 |  11.1 |   5.9 | 48845.8
          Hell |   1.4 |   1.4 |   0.0 |   0.0 |   1.3 | 42514.0
           Dis |   4.4 |   4.3 |  17.4 |   0.0 |   9.3 | 44055.9
       Gehenna |   4.7 |   4.6 |  17.4 |  11.1 |   7.3 | 34577.3
       Cocytus |   5.9 |   5.9 |   0.0 |  11.1 |   7.9 | 37462.0
      Tartarus |   3.9 |   3.9 |   0.0 |   0.0 |   7.3 | 34704.7
           Zot |   7.3 |   7.3 |   0.0 |   0.0 |  12.2 | 80997.4
         Abyss |   1.3 |   1.3 |   0.0 |   0.0 |   1.1 | 8795.0
   Pandemonium |  11.5 |  11.3 |  30.4 |  33.3 |  11.8 | 32547.6
      Ziggurat |   3.3 |   3.3 |   0.0 |  11.1 |   2.5 | 7600.0
       Ossuary |   0.4 |   0.4 |   0.0 |   0.0 |   0.0 | 323.0
        Wizlab |   0.6 |   0.5 |  13.0 |   0.0 |   0.6 | 20400.0
      Gauntlet |   0.2 |   0.2 |   0.0 |   0.0 |   0.1 | 4651.0
               +-------+-------+-------+-------+-------+----------------------
